%YAML 1.1
%TAG !u! tag:unity3d.com,2011:
--- !u!29 &1
OcclusionCullingSettings:
  m_ObjectHideFlags: 0
  serializedVersion: 2
  m_OcclusionBakeSettings:
    smallestOccluder: 5
    smallestHole: 0.25
    backfaceThreshold: 100
  m_SceneGUID: 00000000000000000000000000000000
  m_OcclusionCullingData: {fileID: 0}
--- !u!104 &2
RenderSettings:
  m_ObjectHideFlags: 0
  serializedVersion: 8
  m_Fog: 0
  m_FogColor: {r: 0.5, g: 0.5, b: 0.5, a: 1}
  m_FogMode: 3
  m_FogDensity: 0.01
  m_LinearFogStart: 0
  m_LinearFogEnd: 300
  m_AmbientSkyColor: {r: 0.212, g: 0.227, b: 0.259, a: 1}
  m_AmbientEquatorColor: {r: 0.114, g: 0.125, b: 0.133, a: 1}
  m_AmbientGroundColor: {r: 0.047, g: 0.043, b: 0.035, a: 1}
  m_AmbientIntensity: 1
  m_AmbientMode: 0
  m_SubtractiveShadowColor: {r: 0.42, g: 0.478, b: 0.627, a: 1}
  m_SkyboxMaterial: {fileID: 10304, guid: 0000000000000000f000000000000000, type: 0}
  m_HaloStrength: 0.5
  m_FlareStrength: 1
  m_FlareFadeSpeed: 3
  m_HaloTexture: {fileID: 0}
  m_SpotCookie: {fileID: 10001, guid: 0000000000000000e000000000000000, type: 0}
  m_DefaultReflectionMode: 0
  m_DefaultReflectionResolution: 128
  m_ReflectionBounces: 1
  m_ReflectionIntensity: 1
  m_CustomReflection: {fileID: 0}
  m_Sun: {fileID: 0}
  m_IndirectSpecularColor: {r: 0, g: 0, b: 0, a: 1}
--- !u!157 &4
LightmapSettings:
  m_ObjectHideFlags: 0
  serializedVersion: 9
  m_GIWorkflowMode: 0
  m_GISettings:
    serializedVersion: 2
    m_BounceScale: 1
    m_IndirectOutputScale: 1
    m_AlbedoBoost: 1
    m_TemporalCoherenceThreshold: 1
    m_EnvironmentLightingMode: 0
    m_EnableBakedLightmaps: 1
    m_EnableRealtimeLightmaps: 1
  m_LightmapEditorSettings:
    serializedVersion: 8
    m_Resolution: 2
    m_BakeResolution: 40
    m_TextureWidth: 1024
    m_TextureHeight: 1024
    m_AO: 0
    m_AOMaxDistance: 1
    m_CompAOExponent: 0
    m_CompAOExponentDirect: 0
    m_Padding: 2
    m_LightmapParameters: {fileID: 0}
    m_LightmapsBakeMode: 1
    m_TextureCompression: 1
    m_FinalGather: 0
    m_FinalGatherFiltering: 1
    m_FinalGatherRayCount: 1024
    m_ReflectionCompression: 2
    m_MixedBakeMode: 1
    m_BakeBackend: 0
    m_PVRSampling: 1
    m_PVRDirectSampleCount: 32
    m_PVRSampleCount: 500
    m_PVRBounces: 2
    m_PVRFiltering: 0
    m_PVRFilteringMode: 1
    m_PVRCulling: 1
    m_PVRFilteringGaussRadiusDirect: 1
    m_PVRFilteringGaussRadiusIndirect: 5
    m_PVRFilteringGaussRadiusAO: 2
    m_PVRFilteringAtrousColorSigma: 1
    m_PVRFilteringAtrousNormalSigma: 1
    m_PVRFilteringAtrousPositionSigma: 1
  m_LightingDataAsset: {fileID: 0}
  m_ShadowMaskMode: 2
--- !u!196 &5
NavMeshSettings:
  serializedVersion: 2
  m_ObjectHideFlags: 0
  m_BuildSettings:
    serializedVersion: 2
    agentTypeID: 0
    agentRadius: 0.5
    agentHeight: 2
    agentSlope: 45
    agentClimb: 0.4
    ledgeDropHeight: 0
    maxJumpAcrossDistance: 0
    minRegionArea: 2
    manualCellSize: 0
    cellSize: 0.16666667
    manualTileSize: 0
    tileSize: 256
    accuratePlacement: 0
  m_NavMeshData: {fileID: 0}
--- !u!1 &44802317
GameObject:
  m_ObjectHideFlags: 0
  m_PrefabParentObject: {fileID: 145866, guid: d9e4d92b8ac02be4abbd660d49dc97dc, type: 2}
  m_PrefabInternal: {fileID: 651843323}
  serializedVersion: 5
  m_Component:
  - component: {fileID: 44802318}
  - component: {fileID: 44802321}
  - component: {fileID: 44802320}
  - component: {fileID: 44802319}
  m_Layer: 5
  m_Name: Panel
  m_TagString: Untagged
  m_Icon: {fileID: 0}
  m_NavMeshLayer: 0
  m_StaticEditorFlags: 0
  m_IsActive: 1
--- !u!224 &44802318
RectTransform:
  m_ObjectHideFlags: 0
  m_PrefabParentObject: {fileID: 22445866, guid: d9e4d92b8ac02be4abbd660d49dc97dc,
    type: 2}
  m_PrefabInternal: {fileID: 651843323}
  m_GameObject: {fileID: 44802317}
  m_LocalRotation: {x: 0, y: 0, z: 0, w: 1}
  m_LocalPosition: {x: 0, y: 0, z: 0}
  m_LocalScale: {x: 1, y: 1, z: 1}
  m_Children:
  - {fileID: 836152932}
  - {fileID: 1382235932}
  - {fileID: 880039593}
  - {fileID: 632475524}
  - {fileID: 192746858}
  - {fileID: 1120175780}
  - {fileID: 507638488}
  - {fileID: 686871088}
  - {fileID: 812594154}
  - {fileID: 833470099}
  - {fileID: 1612763575}
  - {fileID: 532378108}
  m_Father: {fileID: 271743821}
  m_RootOrder: 0
  m_LocalEulerAnglesHint: {x: 0, y: 0, z: 0}
  m_AnchorMin: {x: 0.5, y: 0.5}
  m_AnchorMax: {x: 0.5, y: 0.5}
  m_AnchoredPosition: {x: 0, y: 0}
  m_SizeDelta: {x: 640, y: 1136}
  m_Pivot: {x: 0.5, y: 0.5}
--- !u!114 &44802319
MonoBehaviour:
  m_ObjectHideFlags: 0
  m_PrefabParentObject: {fileID: 11445880, guid: d9e4d92b8ac02be4abbd660d49dc97dc,
    type: 2}
  m_PrefabInternal: {fileID: 651843323}
  m_GameObject: {fileID: 44802317}
  m_Enabled: 1
  m_EditorHideFlags: 0
  m_Script: {fileID: -1200242548, guid: f5f67c52d1564df4a8936ccd202a3bd8, type: 3}
  m_Name: 
  m_EditorClassIdentifier: 
  m_ShowMaskGraphic: 1
--- !u!114 &44802320
MonoBehaviour:
  m_ObjectHideFlags: 0
  m_PrefabParentObject: {fileID: 11445882, guid: d9e4d92b8ac02be4abbd660d49dc97dc,
    type: 2}
  m_PrefabInternal: {fileID: 651843323}
  m_GameObject: {fileID: 44802317}
  m_Enabled: 1
  m_EditorHideFlags: 0
  m_Script: {fileID: -765806418, guid: f5f67c52d1564df4a8936ccd202a3bd8, type: 3}
  m_Name: 
  m_EditorClassIdentifier: 
  m_Material: {fileID: 0}
  m_Color: {r: 0.12156863, g: 0.12156863, b: 0.12156863, a: 1}
  m_RaycastTarget: 1
  m_OnCullStateChanged:
    m_PersistentCalls:
      m_Calls: []
    m_TypeName: UnityEngine.UI.MaskableGraphic+CullStateChangedEvent, UnityEngine.UI,
      Version=1.0.0.0, Culture=neutral, PublicKeyToken=null
  m_Sprite: {fileID: 21300000, guid: 7ed1238760b863f4aafde32ab3a6f28c, type: 3}
  m_Type: 1
  m_PreserveAspect: 0
  m_FillCenter: 1
  m_FillMethod: 4
  m_FillAmount: 1
  m_FillClockwise: 1
  m_FillOrigin: 0
--- !u!222 &44802321
CanvasRenderer:
  m_ObjectHideFlags: 0
  m_PrefabParentObject: {fileID: 22245860, guid: d9e4d92b8ac02be4abbd660d49dc97dc,
    type: 2}
  m_PrefabInternal: {fileID: 651843323}
  m_GameObject: {fileID: 44802317}
--- !u!1 &155334827
GameObject:
  m_ObjectHideFlags: 0
  m_PrefabParentObject: {fileID: 145814, guid: d9e4d92b8ac02be4abbd660d49dc97dc, type: 2}
  m_PrefabInternal: {fileID: 651843323}
  serializedVersion: 5
  m_Component:
  - component: {fileID: 155334828}
  m_Layer: 5
  m_Name: Fill Area
  m_TagString: Untagged
  m_Icon: {fileID: 0}
  m_NavMeshLayer: 0
  m_StaticEditorFlags: 0
  m_IsActive: 1
--- !u!224 &155334828
RectTransform:
  m_ObjectHideFlags: 0
  m_PrefabParentObject: {fileID: 22445814, guid: d9e4d92b8ac02be4abbd660d49dc97dc,
    type: 2}
  m_PrefabInternal: {fileID: 651843323}
  m_GameObject: {fileID: 155334827}
  m_LocalRotation: {x: 0, y: 0, z: 0, w: 1}
  m_LocalPosition: {x: 0, y: 0, z: 0}
  m_LocalScale: {x: 1, y: 1, z: 1}
  m_Children:
  - {fileID: 973564055}
  m_Father: {fileID: 833470099}
  m_RootOrder: 1
  m_LocalEulerAnglesHint: {x: 0, y: 0, z: 0}
  m_AnchorMin: {x: 0, y: 0.25}
  m_AnchorMax: {x: 1, y: 0.75}
  m_AnchoredPosition: {x: -7.499997, y: 0}
  m_SizeDelta: {x: -15, y: 0}
  m_Pivot: {x: 0.5, y: 0.5}
--- !u!1 &192746857
GameObject:
  m_ObjectHideFlags: 0
  m_PrefabParentObject: {fileID: 145852, guid: d9e4d92b8ac02be4abbd660d49dc97dc, type: 2}
  m_PrefabInternal: {fileID: 651843323}
  serializedVersion: 5
  m_Component:
  - component: {fileID: 192746858}
  - component: {fileID: 192746861}
  - component: {fileID: 192746860}
  - component: {fileID: 192746859}
  m_Layer: 5
  m_Name: Button
  m_TagString: Untagged
  m_Icon: {fileID: 0}
  m_NavMeshLayer: 0
  m_StaticEditorFlags: 0
  m_IsActive: 1
--- !u!224 &192746858
RectTransform:
  m_ObjectHideFlags: 0
  m_PrefabParentObject: {fileID: 22445852, guid: d9e4d92b8ac02be4abbd660d49dc97dc,
    type: 2}
  m_PrefabInternal: {fileID: 651843323}
  m_GameObject: {fileID: 192746857}
  m_LocalRotation: {x: 0, y: 0, z: 0, w: 1}
  m_LocalPosition: {x: 0, y: 0, z: 0}
  m_LocalScale: {x: 0.8, y: 0.8, z: 1}
  m_Children: []
  m_Father: {fileID: 44802318}
  m_RootOrder: 4
  m_LocalEulerAnglesHint: {x: 0, y: 0, z: 0}
  m_AnchorMin: {x: 0.5, y: 0.5}
  m_AnchorMax: {x: 0.5, y: 0.5}
  m_AnchoredPosition: {x: -220, y: -507.2}
  m_SizeDelta: {x: 46, y: 37}
  m_Pivot: {x: 0.5, y: 0.5}
--- !u!114 &192746859
MonoBehaviour:
  m_ObjectHideFlags: 0
  m_PrefabParentObject: {fileID: 11445864, guid: d9e4d92b8ac02be4abbd660d49dc97dc,
    type: 2}
  m_PrefabInternal: {fileID: 651843323}
  m_GameObject: {fileID: 192746857}
  m_Enabled: 1
  m_EditorHideFlags: 0
  m_Script: {fileID: 1392445389, guid: f5f67c52d1564df4a8936ccd202a3bd8, type: 3}
  m_Name: 
  m_EditorClassIdentifier: 
  m_Navigation:
    m_Mode: 3
    m_SelectOnUp: {fileID: 0}
    m_SelectOnDown: {fileID: 0}
    m_SelectOnLeft: {fileID: 0}
    m_SelectOnRight: {fileID: 0}
  m_Transition: 1
  m_Colors:
    m_NormalColor: {r: 1, g: 1, b: 1, a: 1}
    m_HighlightedColor: {r: 0.9607843, g: 0.9607843, b: 0.9607843, a: 1}
    m_PressedColor: {r: 0.78431374, g: 0.78431374, b: 0.78431374, a: 1}
    m_DisabledColor: {r: 0.78431374, g: 0.78431374, b: 0.78431374, a: 0.5019608}
    m_ColorMultiplier: 1
    m_FadeDuration: 0.1
  m_SpriteState:
    m_HighlightedSprite: {fileID: 0}
    m_PressedSprite: {fileID: 0}
    m_DisabledSprite: {fileID: 0}
  m_AnimationTriggers:
    m_NormalTrigger: Normal
    m_HighlightedTrigger: Highlighted
    m_PressedTrigger: Pressed
    m_DisabledTrigger: Disabled
  m_Interactable: 1
  m_TargetGraphic: {fileID: 192746860}
  m_OnClick:
    m_PersistentCalls:
      m_Calls: []
    m_TypeName: UnityEngine.UI.Button+ButtonClickedEvent, UnityEngine.UI, Version=1.0.0.0,
      Culture=neutral, PublicKeyToken=null
--- !u!114 &192746860
MonoBehaviour:
  m_ObjectHideFlags: 0
  m_PrefabParentObject: {fileID: 11445866, guid: d9e4d92b8ac02be4abbd660d49dc97dc,
    type: 2}
  m_PrefabInternal: {fileID: 651843323}
  m_GameObject: {fileID: 192746857}
  m_Enabled: 1
  m_EditorHideFlags: 0
  m_Script: {fileID: -765806418, guid: f5f67c52d1564df4a8936ccd202a3bd8, type: 3}
  m_Name: 
  m_EditorClassIdentifier: 
  m_Material: {fileID: 0}
  m_Color: {r: 1, g: 1, b: 1, a: 1}
  m_RaycastTarget: 1
  m_OnCullStateChanged:
    m_PersistentCalls:
      m_Calls: []
    m_TypeName: UnityEngine.UI.MaskableGraphic+CullStateChangedEvent, UnityEngine.UI,
      Version=1.0.0.0, Culture=neutral, PublicKeyToken=null
  m_Sprite: {fileID: 21300000, guid: d6c30ca94605b4d2e8c19bde9711c3ae, type: 3}
  m_Type: 0
  m_PreserveAspect: 0
  m_FillCenter: 1
  m_FillMethod: 4
  m_FillAmount: 1
  m_FillClockwise: 1
  m_FillOrigin: 0
--- !u!222 &192746861
CanvasRenderer:
  m_ObjectHideFlags: 0
  m_PrefabParentObject: {fileID: 22245846, guid: d9e4d92b8ac02be4abbd660d49dc97dc,
    type: 2}
  m_PrefabInternal: {fileID: 651843323}
  m_GameObject: {fileID: 192746857}
--- !u!1 &267839497
GameObject:
  m_ObjectHideFlags: 0
  m_PrefabParentObject: {fileID: 145832, guid: d9e4d92b8ac02be4abbd660d49dc97dc, type: 2}
  m_PrefabInternal: {fileID: 651843323}
  serializedVersion: 5
  m_Component:
  - component: {fileID: 267839498}
  - component: {fileID: 267839500}
  - component: {fileID: 267839499}
  m_Layer: 5
  m_Name: AppTitle
  m_TagString: Untagged
  m_Icon: {fileID: 0}
  m_NavMeshLayer: 0
  m_StaticEditorFlags: 0
  m_IsActive: 1
--- !u!224 &267839498
RectTransform:
  m_ObjectHideFlags: 0
  m_PrefabParentObject: {fileID: 22445832, guid: d9e4d92b8ac02be4abbd660d49dc97dc,
    type: 2}
  m_PrefabInternal: {fileID: 651843323}
  m_GameObject: {fileID: 267839497}
  m_LocalRotation: {x: 0, y: 0, z: 0, w: 1}
  m_LocalPosition: {x: 0, y: 0, z: 0}
  m_LocalScale: {x: 1, y: 1, z: 1}
  m_Children: []
  m_Father: {fileID: 1617001834}
  m_RootOrder: 0
  m_LocalEulerAnglesHint: {x: 0, y: 0, z: 0}
  m_AnchorMin: {x: 0.5, y: 0.5}
  m_AnchorMax: {x: 0.5, y: 0.5}
  m_AnchoredPosition: {x: 0, y: -71}
  m_SizeDelta: {x: 695, y: 67}
  m_Pivot: {x: 0.5, y: 0.5}
--- !u!114 &267839499
MonoBehaviour:
  m_ObjectHideFlags: 0
  m_PrefabParentObject: {fileID: 11445838, guid: d9e4d92b8ac02be4abbd660d49dc97dc,
    type: 2}
  m_PrefabInternal: {fileID: 651843323}
  m_GameObject: {fileID: 267839497}
  m_Enabled: 1
  m_EditorHideFlags: 0
  m_Script: {fileID: 708705254, guid: f5f67c52d1564df4a8936ccd202a3bd8, type: 3}
  m_Name: 
  m_EditorClassIdentifier: 
  m_Material: {fileID: 0}
  m_Color: {r: 0.85490197, g: 0.85490197, b: 0.85490197, a: 1}
  m_RaycastTarget: 1
  m_OnCullStateChanged:
    m_PersistentCalls:
      m_Calls: []
    m_TypeName: UnityEngine.UI.MaskableGraphic+CullStateChangedEvent, UnityEngine.UI,
      Version=1.0.0.0, Culture=neutral, PublicKeyToken=null
  m_FontData:
    m_Font: {fileID: 12800000, guid: 218956a5c2a6e42d6a60afccf80b002b, type: 3}
    m_FontSize: 40
    m_FontStyle: 0
    m_BestFit: 0
    m_MinSize: 10
    m_MaxSize: 40
    m_Alignment: 0
    m_AlignByGeometry: 0
    m_RichText: 1
    m_HorizontalOverflow: 0
    m_VerticalOverflow: 1
    m_LineSpacing: 1
  m_Text: APP SAMPLE
--- !u!222 &267839500
CanvasRenderer:
  m_ObjectHideFlags: 0
  m_PrefabParentObject: {fileID: 22245828, guid: d9e4d92b8ac02be4abbd660d49dc97dc,
    type: 2}
  m_PrefabInternal: {fileID: 651843323}
  m_GameObject: {fileID: 267839497}
--- !u!1 &271743816
GameObject:
  m_ObjectHideFlags: 0
  m_PrefabParentObject: {fileID: 145820, guid: d9e4d92b8ac02be4abbd660d49dc97dc, type: 2}
  m_PrefabInternal: {fileID: 651843323}
  serializedVersion: 5
  m_Component:
  - component: {fileID: 271743821}
  - component: {fileID: 271743820}
  - component: {fileID: 271743819}
  - component: {fileID: 271743818}
  - component: {fileID: 271743817}
  m_Layer: 5
  m_Name: MusicApp_2
  m_TagString: Untagged
  m_Icon: {fileID: 0}
  m_NavMeshLayer: 0
  m_StaticEditorFlags: 0
  m_IsActive: 1
--- !u!222 &271743817
CanvasRenderer:
  m_ObjectHideFlags: 0
  m_PrefabParentObject: {fileID: 22245818, guid: d9e4d92b8ac02be4abbd660d49dc97dc,
    type: 2}
  m_PrefabInternal: {fileID: 651843323}
  m_GameObject: {fileID: 271743816}
--- !u!114 &271743818
MonoBehaviour:
  m_ObjectHideFlags: 0
  m_PrefabParentObject: {fileID: 11445822, guid: d9e4d92b8ac02be4abbd660d49dc97dc,
    type: 2}
  m_PrefabInternal: {fileID: 651843323}
  m_GameObject: {fileID: 271743816}
  m_Enabled: 1
  m_EditorHideFlags: 0
  m_Script: {fileID: 1301386320, guid: f5f67c52d1564df4a8936ccd202a3bd8, type: 3}
  m_Name: 
  m_EditorClassIdentifier: 
  m_IgnoreReversedGraphics: 1
  m_BlockingObjects: 0
  m_BlockingMask:
    serializedVersion: 2
    m_Bits: 4294967295
--- !u!114 &271743819
MonoBehaviour:
  m_ObjectHideFlags: 0
  m_PrefabParentObject: {fileID: 11445824, guid: d9e4d92b8ac02be4abbd660d49dc97dc,
    type: 2}
  m_PrefabInternal: {fileID: 651843323}
  m_GameObject: {fileID: 271743816}
  m_Enabled: 1
  m_EditorHideFlags: 0
  m_Script: {fileID: 1980459831, guid: f5f67c52d1564df4a8936ccd202a3bd8, type: 3}
  m_Name: 
  m_EditorClassIdentifier: 
  m_UiScaleMode: 1
  m_ReferencePixelsPerUnit: 100
  m_ScaleFactor: 1
  m_ReferenceResolution: {x: 640, y: 1136}
  m_ScreenMatchMode: 0
  m_MatchWidthOrHeight: 1
  m_PhysicalUnit: 3
  m_FallbackScreenDPI: 96
  m_DefaultSpriteDPI: 96
  m_DynamicPixelsPerUnit: 1
--- !u!223 &271743820
Canvas:
  m_ObjectHideFlags: 0
  m_PrefabParentObject: {fileID: 22345814, guid: d9e4d92b8ac02be4abbd660d49dc97dc,
    type: 2}
  m_PrefabInternal: {fileID: 651843323}
  m_GameObject: {fileID: 271743816}
  m_Enabled: 1
  serializedVersion: 3
  m_RenderMode: 0
  m_Camera: {fileID: 0}
  m_PlaneDistance: 100
  m_PixelPerfect: 1
  m_ReceivesEvents: 1
  m_OverrideSorting: 0
  m_OverridePixelPerfect: 0
  m_SortingBucketNormalizedSize: 0
  m_AdditionalShaderChannelsFlag: 25
  m_SortingLayerID: 0
  m_SortingOrder: 0
  m_TargetDisplay: 0
--- !u!224 &271743821
RectTransform:
  m_ObjectHideFlags: 0
  m_PrefabParentObject: {fileID: 22445820, guid: d9e4d92b8ac02be4abbd660d49dc97dc,
    type: 2}
  m_PrefabInternal: {fileID: 651843323}
  m_GameObject: {fileID: 271743816}
  m_LocalRotation: {x: 0, y: 0, z: 0, w: 1}
  m_LocalPosition: {x: 0, y: 0, z: 0}
  m_LocalScale: {x: 0, y: 0, z: 0}
  m_Children:
  - {fileID: 44802318}
  - {fileID: 1617001834}
  m_Father: {fileID: 0}
  m_RootOrder: 0
  m_LocalEulerAnglesHint: {x: 0, y: 0, z: 0}
  m_AnchorMin: {x: 0, y: 0}
  m_AnchorMax: {x: 0, y: 0}
  m_AnchoredPosition: {x: 0, y: 0}
  m_SizeDelta: {x: 0, y: 0}
  m_Pivot: {x: 0, y: 0}
--- !u!1 &446005828
GameObject:
  m_ObjectHideFlags: 0
  m_PrefabParentObject: {fileID: 145864, guid: d9e4d92b8ac02be4abbd660d49dc97dc, type: 2}
  m_PrefabInternal: {fileID: 651843323}
  serializedVersion: 5
  m_Component:
  - component: {fileID: 446005829}
  - component: {fileID: 446005831}
  - component: {fileID: 446005830}
  m_Layer: 5
  m_Name: Background
  m_TagString: Untagged
  m_Icon: {fileID: 0}
  m_NavMeshLayer: 0
  m_StaticEditorFlags: 0
  m_IsActive: 1
--- !u!224 &446005829
RectTransform:
  m_ObjectHideFlags: 0
  m_PrefabParentObject: {fileID: 22445864, guid: d9e4d92b8ac02be4abbd660d49dc97dc,
    type: 2}
  m_PrefabInternal: {fileID: 651843323}
  m_GameObject: {fileID: 446005828}
  m_LocalRotation: {x: 0, y: 0, z: 0, w: 1}
  m_LocalPosition: {x: 0, y: 0, z: 0}
  m_LocalScale: {x: 1, y: 1, z: 1}
  m_Children: []
  m_Father: {fileID: 833470099}
  m_RootOrder: 0
  m_LocalEulerAnglesHint: {x: 0, y: 0, z: 0}
  m_AnchorMin: {x: 0, y: 0.25}
  m_AnchorMax: {x: 1, y: 0.75}
  m_AnchoredPosition: {x: -5.0000014, y: 0}
  m_SizeDelta: {x: -10, y: -4}
  m_Pivot: {x: 0.5, y: 0.5}
--- !u!114 &446005830
MonoBehaviour:
  m_ObjectHideFlags: 0
  m_PrefabParentObject: {fileID: 11445878, guid: d9e4d92b8ac02be4abbd660d49dc97dc,
    type: 2}
  m_PrefabInternal: {fileID: 651843323}
  m_GameObject: {fileID: 446005828}
  m_Enabled: 1
  m_EditorHideFlags: 0
  m_Script: {fileID: -765806418, guid: f5f67c52d1564df4a8936ccd202a3bd8, type: 3}
  m_Name: 
  m_EditorClassIdentifier: 
  m_Material: {fileID: 0}
  m_Color: {r: 1, g: 1, b: 1, a: 1}
  m_RaycastTarget: 1
  m_OnCullStateChanged:
    m_PersistentCalls:
      m_Calls: []
    m_TypeName: UnityEngine.UI.MaskableGraphic+CullStateChangedEvent, UnityEngine.UI,
      Version=1.0.0.0, Culture=neutral, PublicKeyToken=null
  m_Sprite: {fileID: 21300000, guid: 7ed1238760b863f4aafde32ab3a6f28c, type: 3}
  m_Type: 1
  m_PreserveAspect: 0
  m_FillCenter: 1
  m_FillMethod: 4
  m_FillAmount: 1
  m_FillClockwise: 1
  m_FillOrigin: 0
--- !u!222 &446005831
CanvasRenderer:
  m_ObjectHideFlags: 0
  m_PrefabParentObject: {fileID: 22245858, guid: d9e4d92b8ac02be4abbd660d49dc97dc,
    type: 2}
  m_PrefabInternal: {fileID: 651843323}
  m_GameObject: {fileID: 446005828}
--- !u!1 &485948600
GameObject:
  m_ObjectHideFlags: 0
  m_PrefabParentObject: {fileID: 145838, guid: d9e4d92b8ac02be4abbd660d49dc97dc, type: 2}
  m_PrefabInternal: {fileID: 651843323}
  serializedVersion: 5
  m_Component:
  - component: {fileID: 485948601}
  m_Layer: 5
  m_Name: Handle Slide Area
  m_TagString: Untagged
  m_Icon: {fileID: 0}
  m_NavMeshLayer: 0
  m_StaticEditorFlags: 0
  m_IsActive: 1
--- !u!224 &485948601
RectTransform:
  m_ObjectHideFlags: 0
  m_PrefabParentObject: {fileID: 22445838, guid: d9e4d92b8ac02be4abbd660d49dc97dc,
    type: 2}
  m_PrefabInternal: {fileID: 651843323}
  m_GameObject: {fileID: 485948600}
  m_LocalRotation: {x: 0, y: 0, z: 0, w: 1}
  m_LocalPosition: {x: 0, y: 0, z: 0}
  m_LocalScale: {x: 1, y: 1, z: 1}
  m_Children:
  - {fileID: 2059222841}
  m_Father: {fileID: 833470099}
  m_RootOrder: 2
  m_LocalEulerAnglesHint: {x: 0, y: 0, z: 0}
  m_AnchorMin: {x: 0, y: 0}
  m_AnchorMax: {x: 1, y: 1}
  m_AnchoredPosition: {x: -3.8, y: 0}
  m_SizeDelta: {x: -12.5, y: 0}
  m_Pivot: {x: 0.5, y: 0.5}
--- !u!1 &507638487
GameObject:
  m_ObjectHideFlags: 0
  m_PrefabParentObject: {fileID: 145858, guid: d9e4d92b8ac02be4abbd660d49dc97dc, type: 2}
  m_PrefabInternal: {fileID: 651843323}
  serializedVersion: 5
  m_Component:
  - component: {fileID: 507638488}
  - component: {fileID: 507638490}
  - component: {fileID: 507638489}
  m_Layer: 5
  m_Name: Text
  m_TagString: Untagged
  m_Icon: {fileID: 0}
  m_NavMeshLayer: 0
  m_StaticEditorFlags: 0
  m_IsActive: 1
--- !u!224 &507638488
RectTransform:
  m_ObjectHideFlags: 0
  m_PrefabParentObject: {fileID: 22445858, guid: d9e4d92b8ac02be4abbd660d49dc97dc,
    type: 2}
  m_PrefabInternal: {fileID: 651843323}
  m_GameObject: {fileID: 507638487}
  m_LocalRotation: {x: 0, y: 0, z: 0, w: 1}
  m_LocalPosition: {x: 0, y: 0, z: 0}
  m_LocalScale: {x: 1, y: 1, z: 1}
  m_Children: []
  m_Father: {fileID: 44802318}
  m_RootOrder: 6
  m_LocalEulerAnglesHint: {x: 0, y: 0, z: 0}
  m_AnchorMin: {x: 0.5, y: 0.5}
  m_AnchorMax: {x: 0.5, y: 0.5}
  m_AnchoredPosition: {x: 0, y: 5}
  m_SizeDelta: {x: 228.1, y: 67.1}
  m_Pivot: {x: 0.5, y: 0.5}
--- !u!114 &507638489
MonoBehaviour:
  m_ObjectHideFlags: 0
  m_PrefabParentObject: {fileID: 11445872, guid: d9e4d92b8ac02be4abbd660d49dc97dc,
    type: 2}
  m_PrefabInternal: {fileID: 651843323}
  m_GameObject: {fileID: 507638487}
  m_Enabled: 1
  m_EditorHideFlags: 0
  m_Script: {fileID: 708705254, guid: f5f67c52d1564df4a8936ccd202a3bd8, type: 3}
  m_Name: 
  m_EditorClassIdentifier: 
  m_Material: {fileID: 0}
  m_Color: {r: 1, g: 1, b: 1, a: 1}
  m_RaycastTarget: 1
  m_OnCullStateChanged:
    m_PersistentCalls:
      m_Calls: []
    m_TypeName: UnityEngine.UI.MaskableGraphic+CullStateChangedEvent, UnityEngine.UI,
      Version=1.0.0.0, Culture=neutral, PublicKeyToken=null
  m_FontData:
    m_Font: {fileID: 12800000, guid: bd1ea67ca2b5742d1a24fcbdc17c55e1, type: 3}
    m_FontSize: 40
    m_FontStyle: 0
    m_BestFit: 0
    m_MinSize: 10
    m_MaxSize: 40
    m_Alignment: 4
    m_AlignByGeometry: 0
    m_RichText: 1
    m_HorizontalOverflow: 0
    m_VerticalOverflow: 0
    m_LineSpacing: 1
  m_Text: The Divide
--- !u!222 &507638490
CanvasRenderer:
  m_ObjectHideFlags: 0
  m_PrefabParentObject: {fileID: 22245852, guid: d9e4d92b8ac02be4abbd660d49dc97dc,
    type: 2}
  m_PrefabInternal: {fileID: 651843323}
  m_GameObject: {fileID: 507638487}
--- !u!1 &532378107
GameObject:
  m_ObjectHideFlags: 0
  m_PrefabParentObject: {fileID: 145844, guid: d9e4d92b8ac02be4abbd660d49dc97dc, type: 2}
  m_PrefabInternal: {fileID: 651843323}
  serializedVersion: 5
  m_Component:
  - component: {fileID: 532378108}
  - component: {fileID: 532378111}
  - component: {fileID: 532378110}
  - component: {fileID: 532378109}
  m_Layer: 5
  m_Name: Panel
  m_TagString: Untagged
  m_Icon: {fileID: 0}
  m_NavMeshLayer: 0
  m_StaticEditorFlags: 0
  m_IsActive: 1
--- !u!224 &532378108
RectTransform:
  m_ObjectHideFlags: 0
  m_PrefabParentObject: {fileID: 22445844, guid: d9e4d92b8ac02be4abbd660d49dc97dc,
    type: 2}
  m_PrefabInternal: {fileID: 651843323}
  m_GameObject: {fileID: 532378107}
  m_LocalRotation: {x: 0, y: 0, z: 0, w: 1}
  m_LocalPosition: {x: 0, y: 0, z: 0}
  m_LocalScale: {x: 1, y: 1, z: 1}
  m_Children:
  - {fileID: 1952108589}
  - {fileID: 1280626448}
  - {fileID: 1337922956}
  m_Father: {fileID: 44802318}
  m_RootOrder: 11
  m_LocalEulerAnglesHint: {x: 0, y: 0, z: 0}
  m_AnchorMin: {x: 0.5, y: 0.5}
  m_AnchorMax: {x: 0.5, y: 0.5}
  m_AnchoredPosition: {x: 0, y: 227}
  m_SizeDelta: {x: 342, y: 343}
  m_Pivot: {x: 0.5, y: 0.5}
--- !u!114 &532378109
MonoBehaviour:
  m_ObjectHideFlags: 0
  m_PrefabParentObject: {fileID: 11445854, guid: d9e4d92b8ac02be4abbd660d49dc97dc,
    type: 2}
  m_PrefabInternal: {fileID: 651843323}
  m_GameObject: {fileID: 532378107}
  m_Enabled: 1
  m_EditorHideFlags: 0
  m_Script: {fileID: -1200242548, guid: f5f67c52d1564df4a8936ccd202a3bd8, type: 3}
  m_Name: 
  m_EditorClassIdentifier: 
  m_ShowMaskGraphic: 1
--- !u!114 &532378110
MonoBehaviour:
  m_ObjectHideFlags: 0
  m_PrefabParentObject: {fileID: 11445856, guid: d9e4d92b8ac02be4abbd660d49dc97dc,
    type: 2}
  m_PrefabInternal: {fileID: 651843323}
  m_GameObject: {fileID: 532378107}
  m_Enabled: 1
  m_EditorHideFlags: 0
  m_Script: {fileID: -765806418, guid: f5f67c52d1564df4a8936ccd202a3bd8, type: 3}
  m_Name: 
  m_EditorClassIdentifier: 
  m_Material: {fileID: 0}
  m_Color: {r: 1, g: 1, b: 1, a: 1}
  m_RaycastTarget: 1
  m_OnCullStateChanged:
    m_PersistentCalls:
      m_Calls: []
    m_TypeName: UnityEngine.UI.MaskableGraphic+CullStateChangedEvent, UnityEngine.UI,
      Version=1.0.0.0, Culture=neutral, PublicKeyToken=null
  m_Sprite: {fileID: 21300000, guid: 7ed1238760b863f4aafde32ab3a6f28c, type: 3}
  m_Type: 1
  m_PreserveAspect: 0
  m_FillCenter: 1
  m_FillMethod: 4
  m_FillAmount: 1
  m_FillClockwise: 1
  m_FillOrigin: 0
--- !u!222 &532378111
CanvasRenderer:
  m_ObjectHideFlags: 0
  m_PrefabParentObject: {fileID: 22245838, guid: d9e4d92b8ac02be4abbd660d49dc97dc,
    type: 2}
  m_PrefabInternal: {fileID: 651843323}
  m_GameObject: {fileID: 532378107}
--- !u!1 &609243360
GameObject:
  m_ObjectHideFlags: 0
  m_PrefabParentObject: {fileID: 145824, guid: d9e4d92b8ac02be4abbd660d49dc97dc, type: 2}
  m_PrefabInternal: {fileID: 651843323}
  serializedVersion: 5
  m_Component:
  - component: {fileID: 609243361}
  - component: {fileID: 609243363}
  - component: {fileID: 609243362}
  m_Layer: 5
  m_Name: Text
  m_TagString: Untagged
  m_Icon: {fileID: 0}
  m_NavMeshLayer: 0
  m_StaticEditorFlags: 0
  m_IsActive: 1
--- !u!224 &609243361
RectTransform:
  m_ObjectHideFlags: 0
  m_PrefabParentObject: {fileID: 22445824, guid: d9e4d92b8ac02be4abbd660d49dc97dc,
    type: 2}
  m_PrefabInternal: {fileID: 651843323}
  m_GameObject: {fileID: 609243360}
  m_LocalRotation: {x: 0, y: 0, z: 0, w: 1}
  m_LocalPosition: {x: 0, y: 0, z: 0}
  m_LocalScale: {x: 1, y: 1, z: 1}
  m_Children: []
  m_Father: {fileID: 833470099}
  m_RootOrder: 4
  m_LocalEulerAnglesHint: {x: 0, y: 0, z: 0}
  m_AnchorMin: {x: 0.5, y: 0.5}
  m_AnchorMax: {x: 0.5, y: 0.5}
  m_AnchoredPosition: {x: 172.4, y: -39.5}
  m_SizeDelta: {x: 41, y: 27}
  m_Pivot: {x: 0.5, y: 0.5}
--- !u!114 &609243362
MonoBehaviour:
  m_ObjectHideFlags: 0
  m_PrefabParentObject: {fileID: 11445830, guid: d9e4d92b8ac02be4abbd660d49dc97dc,
    type: 2}
  m_PrefabInternal: {fileID: 651843323}
  m_GameObject: {fileID: 609243360}
  m_Enabled: 1
  m_EditorHideFlags: 0
  m_Script: {fileID: 708705254, guid: f5f67c52d1564df4a8936ccd202a3bd8, type: 3}
  m_Name: 
  m_EditorClassIdentifier: 
  m_Material: {fileID: 0}
  m_Color: {r: 1, g: 1, b: 1, a: 1}
  m_RaycastTarget: 1
  m_OnCullStateChanged:
    m_PersistentCalls:
      m_Calls: []
    m_TypeName: UnityEngine.UI.MaskableGraphic+CullStateChangedEvent, UnityEngine.UI,
      Version=1.0.0.0, Culture=neutral, PublicKeyToken=null
  m_FontData:
    m_Font: {fileID: 12800000, guid: bd1ea67ca2b5742d1a24fcbdc17c55e1, type: 3}
    m_FontSize: 15
    m_FontStyle: 0
    m_BestFit: 0
    m_MinSize: 10
    m_MaxSize: 40
    m_Alignment: 2
    m_AlignByGeometry: 0
    m_RichText: 1
    m_HorizontalOverflow: 0
    m_VerticalOverflow: 0
    m_LineSpacing: 1
  m_Text: -0:28
--- !u!222 &609243363
CanvasRenderer:
  m_ObjectHideFlags: 0
  m_PrefabParentObject: {fileID: 22245822, guid: d9e4d92b8ac02be4abbd660d49dc97dc,
    type: 2}
  m_PrefabInternal: {fileID: 651843323}
  m_GameObject: {fileID: 609243360}
--- !u!1 &632475523
GameObject:
  m_ObjectHideFlags: 0
  m_PrefabParentObject: {fileID: 145816, guid: d9e4d92b8ac02be4abbd660d49dc97dc, type: 2}
  m_PrefabInternal: {fileID: 651843323}
  serializedVersion: 5
  m_Component:
  - component: {fileID: 632475524}
  - component: {fileID: 632475527}
  - component: {fileID: 632475526}
  - component: {fileID: 632475525}
  m_Layer: 5
  m_Name: Button
  m_TagString: Untagged
  m_Icon: {fileID: 0}
  m_NavMeshLayer: 0
  m_StaticEditorFlags: 0
  m_IsActive: 1
--- !u!224 &632475524
RectTransform:
  m_ObjectHideFlags: 0
  m_PrefabParentObject: {fileID: 22445816, guid: d9e4d92b8ac02be4abbd660d49dc97dc,
    type: 2}
  m_PrefabInternal: {fileID: 651843323}
  m_GameObject: {fileID: 632475523}
  m_LocalRotation: {x: 0, y: 0, z: 0, w: 1}
  m_LocalPosition: {x: 0, y: 0, z: 0}
  m_LocalScale: {x: 0.8, y: 0.8, z: 1}
  m_Children: []
  m_Father: {fileID: 44802318}
  m_RootOrder: 3
  m_LocalEulerAnglesHint: {x: 0, y: 0, z: 0}
  m_AnchorMin: {x: 0.5, y: 0.5}
  m_AnchorMax: {x: 0.5, y: 0.5}
  m_AnchoredPosition: {x: 0.000005722046, y: -507.2}
  m_SizeDelta: {x: 47, y: 46}
  m_Pivot: {x: 0.5, y: 0.5}
--- !u!114 &632475525
MonoBehaviour:
  m_ObjectHideFlags: 0
  m_PrefabParentObject: {fileID: 11445814, guid: d9e4d92b8ac02be4abbd660d49dc97dc,
    type: 2}
  m_PrefabInternal: {fileID: 651843323}
  m_GameObject: {fileID: 632475523}
  m_Enabled: 1
  m_EditorHideFlags: 0
  m_Script: {fileID: 1392445389, guid: f5f67c52d1564df4a8936ccd202a3bd8, type: 3}
  m_Name: 
  m_EditorClassIdentifier: 
  m_Navigation:
    m_Mode: 3
    m_SelectOnUp: {fileID: 0}
    m_SelectOnDown: {fileID: 0}
    m_SelectOnLeft: {fileID: 0}
    m_SelectOnRight: {fileID: 0}
  m_Transition: 1
  m_Colors:
    m_NormalColor: {r: 1, g: 1, b: 1, a: 1}
    m_HighlightedColor: {r: 0.9607843, g: 0.9607843, b: 0.9607843, a: 1}
    m_PressedColor: {r: 0.78431374, g: 0.78431374, b: 0.78431374, a: 1}
    m_DisabledColor: {r: 0.78431374, g: 0.78431374, b: 0.78431374, a: 0.5019608}
    m_ColorMultiplier: 1
    m_FadeDuration: 0.1
  m_SpriteState:
    m_HighlightedSprite: {fileID: 0}
    m_PressedSprite: {fileID: 0}
    m_DisabledSprite: {fileID: 0}
  m_AnimationTriggers:
    m_NormalTrigger: Normal
    m_HighlightedTrigger: Highlighted
    m_PressedTrigger: Pressed
    m_DisabledTrigger: Disabled
  m_Interactable: 1
  m_TargetGraphic: {fileID: 632475526}
  m_OnClick:
    m_PersistentCalls:
      m_Calls: []
    m_TypeName: UnityEngine.UI.Button+ButtonClickedEvent, UnityEngine.UI, Version=1.0.0.0,
      Culture=neutral, PublicKeyToken=null
--- !u!114 &632475526
MonoBehaviour:
  m_ObjectHideFlags: 0
  m_PrefabParentObject: {fileID: 11445816, guid: d9e4d92b8ac02be4abbd660d49dc97dc,
    type: 2}
  m_PrefabInternal: {fileID: 651843323}
  m_GameObject: {fileID: 632475523}
  m_Enabled: 1
  m_EditorHideFlags: 0
  m_Script: {fileID: -765806418, guid: f5f67c52d1564df4a8936ccd202a3bd8, type: 3}
  m_Name: 
  m_EditorClassIdentifier: 
  m_Material: {fileID: 0}
  m_Color: {r: 1, g: 1, b: 1, a: 1}
  m_RaycastTarget: 1
  m_OnCullStateChanged:
    m_PersistentCalls:
      m_Calls: []
    m_TypeName: UnityEngine.UI.MaskableGraphic+CullStateChangedEvent, UnityEngine.UI,
      Version=1.0.0.0, Culture=neutral, PublicKeyToken=null
  m_Sprite: {fileID: 21300000, guid: a4995c9db5f2147b0ae3f2f0465c7e9c, type: 3}
  m_Type: 0
  m_PreserveAspect: 0
  m_FillCenter: 1
  m_FillMethod: 4
  m_FillAmount: 1
  m_FillClockwise: 1
  m_FillOrigin: 0
--- !u!222 &632475527
CanvasRenderer:
  m_ObjectHideFlags: 0
  m_PrefabParentObject: {fileID: 22245814, guid: d9e4d92b8ac02be4abbd660d49dc97dc,
    type: 2}
  m_PrefabInternal: {fileID: 651843323}
  m_GameObject: {fileID: 632475523}
--- !u!1001 &651843323
Prefab:
  m_ObjectHideFlags: 0
  serializedVersion: 2
  m_Modification:
    m_TransformParent: {fileID: 0}
    m_Modifications:
    - target: {fileID: 22445820, guid: d9e4d92b8ac02be4abbd660d49dc97dc, type: 2}
      propertyPath: m_LocalPosition.x
      value: 0
      objectReference: {fileID: 0}
    - target: {fileID: 22445820, guid: d9e4d92b8ac02be4abbd660d49dc97dc, type: 2}
      propertyPath: m_LocalPosition.y
      value: 0
      objectReference: {fileID: 0}
    - target: {fileID: 22445820, guid: d9e4d92b8ac02be4abbd660d49dc97dc, type: 2}
      propertyPath: m_LocalPosition.z
      value: 0
      objectReference: {fileID: 0}
    - target: {fileID: 22445820, guid: d9e4d92b8ac02be4abbd660d49dc97dc, type: 2}
      propertyPath: m_LocalRotation.x
      value: 0
      objectReference: {fileID: 0}
    - target: {fileID: 22445820, guid: d9e4d92b8ac02be4abbd660d49dc97dc, type: 2}
      propertyPath: m_LocalRotation.y
      value: 0
      objectReference: {fileID: 0}
    - target: {fileID: 22445820, guid: d9e4d92b8ac02be4abbd660d49dc97dc, type: 2}
      propertyPath: m_LocalRotation.z
      value: 0
      objectReference: {fileID: 0}
    - target: {fileID: 22445820, guid: d9e4d92b8ac02be4abbd660d49dc97dc, type: 2}
      propertyPath: m_LocalRotation.w
      value: 1
      objectReference: {fileID: 0}
    - target: {fileID: 22445820, guid: d9e4d92b8ac02be4abbd660d49dc97dc, type: 2}
      propertyPath: m_RootOrder
      value: 0
      objectReference: {fileID: 0}
    - target: {fileID: 22445820, guid: d9e4d92b8ac02be4abbd660d49dc97dc, type: 2}
      propertyPath: m_AnchoredPosition.x
      value: 0
      objectReference: {fileID: 0}
    - target: {fileID: 22445820, guid: d9e4d92b8ac02be4abbd660d49dc97dc, type: 2}
      propertyPath: m_AnchoredPosition.y
      value: 0
      objectReference: {fileID: 0}
    - target: {fileID: 22445820, guid: d9e4d92b8ac02be4abbd660d49dc97dc, type: 2}
      propertyPath: m_SizeDelta.x
      value: 0
      objectReference: {fileID: 0}
    - target: {fileID: 22445820, guid: d9e4d92b8ac02be4abbd660d49dc97dc, type: 2}
      propertyPath: m_SizeDelta.y
      value: 0
      objectReference: {fileID: 0}
    - target: {fileID: 22445820, guid: d9e4d92b8ac02be4abbd660d49dc97dc, type: 2}
      propertyPath: m_AnchorMin.x
      value: 0
      objectReference: {fileID: 0}
    - target: {fileID: 22445820, guid: d9e4d92b8ac02be4abbd660d49dc97dc, type: 2}
      propertyPath: m_AnchorMin.y
      value: 0
      objectReference: {fileID: 0}
    - target: {fileID: 22445820, guid: d9e4d92b8ac02be4abbd660d49dc97dc, type: 2}
      propertyPath: m_AnchorMax.x
      value: 0
      objectReference: {fileID: 0}
    - target: {fileID: 22445820, guid: d9e4d92b8ac02be4abbd660d49dc97dc, type: 2}
      propertyPath: m_AnchorMax.y
      value: 0
      objectReference: {fileID: 0}
    - target: {fileID: 22445820, guid: d9e4d92b8ac02be4abbd660d49dc97dc, type: 2}
      propertyPath: m_Pivot.x
      value: 0
      objectReference: {fileID: 0}
    - target: {fileID: 22445820, guid: d9e4d92b8ac02be4abbd660d49dc97dc, type: 2}
      propertyPath: m_Pivot.y
      value: 0
      objectReference: {fileID: 0}
    - target: {fileID: 22445826, guid: d9e4d92b8ac02be4abbd660d49dc97dc, type: 2}
      propertyPath: m_AnchorMax.x
      value: 0.277
      objectReference: {fileID: 0}
    - target: {fileID: 22445826, guid: d9e4d92b8ac02be4abbd660d49dc97dc, type: 2}
      propertyPath: m_AnchorMax.y
      value: 1
      objectReference: {fileID: 0}
    - target: {fileID: 22445846, guid: d9e4d92b8ac02be4abbd660d49dc97dc, type: 2}
      propertyPath: m_AnchorMin.x
      value: 0.277
      objectReference: {fileID: 0}
    - target: {fileID: 22445846, guid: d9e4d92b8ac02be4abbd660d49dc97dc, type: 2}
      propertyPath: m_AnchorMax.x
      value: 0.277
      objectReference: {fileID: 0}
    - target: {fileID: 22445846, guid: d9e4d92b8ac02be4abbd660d49dc97dc, type: 2}
      propertyPath: m_AnchorMax.y
      value: 1
      objectReference: {fileID: 0}
    m_RemovedComponents: []
  m_ParentPrefab: {fileID: 100100000, guid: d9e4d92b8ac02be4abbd660d49dc97dc, type: 2}
  m_RootGameObject: {fileID: 271743816}
  m_IsPrefabParent: 0
--- !u!1 &673135818
GameObject:
  m_ObjectHideFlags: 0
  m_PrefabParentObject: {fileID: 145868, guid: d9e4d92b8ac02be4abbd660d49dc97dc, type: 2}
  m_PrefabInternal: {fileID: 651843323}
  serializedVersion: 5
  m_Component:
  - component: {fileID: 673135819}
  - component: {fileID: 673135822}
  - component: {fileID: 673135821}
  - component: {fileID: 673135820}
  m_Layer: 5
  m_Name: Button
  m_TagString: Untagged
  m_Icon: {fileID: 0}
  m_NavMeshLayer: 0
  m_StaticEditorFlags: 0
  m_IsActive: 1
--- !u!224 &673135819
RectTransform:
  m_ObjectHideFlags: 0
  m_PrefabParentObject: {fileID: 22445868, guid: d9e4d92b8ac02be4abbd660d49dc97dc,
    type: 2}
  m_PrefabInternal: {fileID: 651843323}
  m_GameObject: {fileID: 673135818}
  m_LocalRotation: {x: 0, y: 0, z: 0, w: 1}
  m_LocalPosition: {x: 0, y: 0, z: 0}
  m_LocalScale: {x: 1, y: 1, z: 1}
  m_Children: []
  m_Father: {fileID: 1612763575}
  m_RootOrder: 1
  m_LocalEulerAnglesHint: {x: 0, y: 0, z: 0}
  m_AnchorMin: {x: 0.5, y: 0.5}
  m_AnchorMax: {x: 0.5, y: 0.5}
  m_AnchoredPosition: {x: 238, y: 0}
  m_SizeDelta: {x: 38, y: 38}
  m_Pivot: {x: 0.5, y: 0.5}
--- !u!114 &673135820
MonoBehaviour:
  m_ObjectHideFlags: 0
  m_PrefabParentObject: {fileID: 11445884, guid: d9e4d92b8ac02be4abbd660d49dc97dc,
    type: 2}
  m_PrefabInternal: {fileID: 651843323}
  m_GameObject: {fileID: 673135818}
  m_Enabled: 1
  m_EditorHideFlags: 0
  m_Script: {fileID: 1392445389, guid: f5f67c52d1564df4a8936ccd202a3bd8, type: 3}
  m_Name: 
  m_EditorClassIdentifier: 
  m_Navigation:
    m_Mode: 3
    m_SelectOnUp: {fileID: 0}
    m_SelectOnDown: {fileID: 0}
    m_SelectOnLeft: {fileID: 0}
    m_SelectOnRight: {fileID: 0}
  m_Transition: 1
  m_Colors:
    m_NormalColor: {r: 1, g: 1, b: 1, a: 1}
    m_HighlightedColor: {r: 0.9607843, g: 0.9607843, b: 0.9607843, a: 1}
    m_PressedColor: {r: 0.78431374, g: 0.78431374, b: 0.78431374, a: 1}
    m_DisabledColor: {r: 0.78431374, g: 0.78431374, b: 0.78431374, a: 0.5019608}
    m_ColorMultiplier: 1
    m_FadeDuration: 0.1
  m_SpriteState:
    m_HighlightedSprite: {fileID: 0}
    m_PressedSprite: {fileID: 0}
    m_DisabledSprite: {fileID: 0}
  m_AnimationTriggers:
    m_NormalTrigger: Normal
    m_HighlightedTrigger: Highlighted
    m_PressedTrigger: Pressed
    m_DisabledTrigger: Disabled
  m_Interactable: 1
  m_TargetGraphic: {fileID: 673135821}
  m_OnClick:
    m_PersistentCalls:
      m_Calls: []
    m_TypeName: UnityEngine.UI.Button+ButtonClickedEvent, UnityEngine.UI, Version=1.0.0.0,
      Culture=neutral, PublicKeyToken=null
--- !u!114 &673135821
MonoBehaviour:
  m_ObjectHideFlags: 0
  m_PrefabParentObject: {fileID: 11445886, guid: d9e4d92b8ac02be4abbd660d49dc97dc,
    type: 2}
  m_PrefabInternal: {fileID: 651843323}
  m_GameObject: {fileID: 673135818}
  m_Enabled: 1
  m_EditorHideFlags: 0
  m_Script: {fileID: -765806418, guid: f5f67c52d1564df4a8936ccd202a3bd8, type: 3}
  m_Name: 
  m_EditorClassIdentifier: 
  m_Material: {fileID: 0}
  m_Color: {r: 1, g: 1, b: 1, a: 1}
  m_RaycastTarget: 1
  m_OnCullStateChanged:
    m_PersistentCalls:
      m_Calls: []
    m_TypeName: UnityEngine.UI.MaskableGraphic+CullStateChangedEvent, UnityEngine.UI,
      Version=1.0.0.0, Culture=neutral, PublicKeyToken=null
  m_Sprite: {fileID: 21300000, guid: 037c7830ce0d1416f8365d122be99c8c, type: 3}
  m_Type: 0
  m_PreserveAspect: 0
  m_FillCenter: 1
  m_FillMethod: 4
  m_FillAmount: 1
  m_FillClockwise: 1
  m_FillOrigin: 0
--- !u!222 &673135822
CanvasRenderer:
  m_ObjectHideFlags: 0
  m_PrefabParentObject: {fileID: 22245862, guid: d9e4d92b8ac02be4abbd660d49dc97dc,
    type: 2}
  m_PrefabInternal: {fileID: 651843323}
  m_GameObject: {fileID: 673135818}
--- !u!1 &686871087
GameObject:
  m_ObjectHideFlags: 0
  m_PrefabParentObject: {fileID: 145862, guid: d9e4d92b8ac02be4abbd660d49dc97dc, type: 2}
  m_PrefabInternal: {fileID: 651843323}
  serializedVersion: 5
  m_Component:
  - component: {fileID: 686871088}
  - component: {fileID: 686871090}
  - component: {fileID: 686871089}
  m_Layer: 5
  m_Name: Text
  m_TagString: Untagged
  m_Icon: {fileID: 0}
  m_NavMeshLayer: 0
  m_StaticEditorFlags: 0
  m_IsActive: 1
--- !u!224 &686871088
RectTransform:
  m_ObjectHideFlags: 0
  m_PrefabParentObject: {fileID: 22445862, guid: d9e4d92b8ac02be4abbd660d49dc97dc,
    type: 2}
  m_PrefabInternal: {fileID: 651843323}
  m_GameObject: {fileID: 686871087}
  m_LocalRotation: {x: 0, y: 0, z: 0, w: 1}
  m_LocalPosition: {x: 0, y: 0, z: 0}
  m_LocalScale: {x: 1, y: 1, z: 1}
  m_Children: []
  m_Father: {fileID: 44802318}
  m_RootOrder: 7
  m_LocalEulerAnglesHint: {x: 0, y: 0, z: 0}
  m_AnchorMin: {x: 0.5, y: 0.5}
  m_AnchorMax: {x: 0.5, y: 0.5}
  m_AnchoredPosition: {x: 0, y: -59}
  m_SizeDelta: {x: 175, y: 60.15}
  m_Pivot: {x: 0.5, y: 0.5}
--- !u!114 &686871089
MonoBehaviour:
  m_ObjectHideFlags: 0
  m_PrefabParentObject: {fileID: 11445876, guid: d9e4d92b8ac02be4abbd660d49dc97dc,
    type: 2}
  m_PrefabInternal: {fileID: 651843323}
  m_GameObject: {fileID: 686871087}
  m_Enabled: 1
  m_EditorHideFlags: 0
  m_Script: {fileID: 708705254, guid: f5f67c52d1564df4a8936ccd202a3bd8, type: 3}
  m_Name: 
  m_EditorClassIdentifier: 
  m_Material: {fileID: 0}
  m_Color: {r: 1, g: 1, b: 1, a: 1}
  m_RaycastTarget: 1
  m_OnCullStateChanged:
    m_PersistentCalls:
      m_Calls: []
    m_TypeName: UnityEngine.UI.MaskableGraphic+CullStateChangedEvent, UnityEngine.UI,
      Version=1.0.0.0, Culture=neutral, PublicKeyToken=null
  m_FontData:
    m_Font: {fileID: 12800000, guid: bd1ea67ca2b5742d1a24fcbdc17c55e1, type: 3}
    m_FontSize: 20
    m_FontStyle: 0
    m_BestFit: 0
    m_MinSize: 10
    m_MaxSize: 40
    m_Alignment: 4
    m_AlignByGeometry: 0
    m_RichText: 1
    m_HorizontalOverflow: 0
    m_VerticalOverflow: 0
    m_LineSpacing: 1
  m_Text: Ginger Runner
--- !u!222 &686871090
CanvasRenderer:
  m_ObjectHideFlags: 0
  m_PrefabParentObject: {fileID: 22245856, guid: d9e4d92b8ac02be4abbd660d49dc97dc,
    type: 2}
  m_PrefabInternal: {fileID: 651843323}
  m_GameObject: {fileID: 686871087}
--- !u!1 &812594153
GameObject:
  m_ObjectHideFlags: 0
  m_PrefabParentObject: {fileID: 145828, guid: d9e4d92b8ac02be4abbd660d49dc97dc, type: 2}
  m_PrefabInternal: {fileID: 651843323}
  serializedVersion: 5
  m_Component:
  - component: {fileID: 812594154}
  - component: {fileID: 812594156}
  - component: {fileID: 812594155}
  m_Layer: 5
  m_Name: Text
  m_TagString: Untagged
  m_Icon: {fileID: 0}
  m_NavMeshLayer: 0
  m_StaticEditorFlags: 0
  m_IsActive: 1
--- !u!224 &812594154
RectTransform:
  m_ObjectHideFlags: 0
  m_PrefabParentObject: {fileID: 22445828, guid: d9e4d92b8ac02be4abbd660d49dc97dc,
    type: 2}
  m_PrefabInternal: {fileID: 651843323}
  m_GameObject: {fileID: 812594153}
  m_LocalRotation: {x: 0, y: 0, z: 0, w: 1}
  m_LocalPosition: {x: 0, y: 0, z: 0}
  m_LocalScale: {x: 1, y: 1, z: 1}
  m_Children: []
  m_Father: {fileID: 44802318}
  m_RootOrder: 8
  m_LocalEulerAnglesHint: {x: 0, y: 0, z: 0}
  m_AnchorMin: {x: 0.5, y: 0.5}
  m_AnchorMax: {x: 0.5, y: 0.5}
  m_AnchoredPosition: {x: 0, y: -116}
  m_SizeDelta: {x: 201.5, y: 55.5}
  m_Pivot: {x: 0.5, y: 0.5}
--- !u!114 &812594155
MonoBehaviour:
  m_ObjectHideFlags: 0
  m_PrefabParentObject: {fileID: 11445834, guid: d9e4d92b8ac02be4abbd660d49dc97dc,
    type: 2}
  m_PrefabInternal: {fileID: 651843323}
  m_GameObject: {fileID: 812594153}
  m_Enabled: 1
  m_EditorHideFlags: 0
  m_Script: {fileID: 708705254, guid: f5f67c52d1564df4a8936ccd202a3bd8, type: 3}
  m_Name: 
  m_EditorClassIdentifier: 
  m_Material: {fileID: 0}
  m_Color: {r: 1, g: 1, b: 1, a: 0.5176471}
  m_RaycastTarget: 1
  m_OnCullStateChanged:
    m_PersistentCalls:
      m_Calls: []
    m_TypeName: UnityEngine.UI.MaskableGraphic+CullStateChangedEvent, UnityEngine.UI,
      Version=1.0.0.0, Culture=neutral, PublicKeyToken=null
  m_FontData:
    m_Font: {fileID: 12800000, guid: bd1ea67ca2b5742d1a24fcbdc17c55e1, type: 3}
    m_FontSize: 20
    m_FontStyle: 0
    m_BestFit: 0
    m_MinSize: 10
    m_MaxSize: 40
    m_Alignment: 4
    m_AlignByGeometry: 0
    m_RichText: 1
    m_HorizontalOverflow: 0
    m_VerticalOverflow: 0
    m_LineSpacing: 1
  m_Text: "\rGrinds"
--- !u!222 &812594156
CanvasRenderer:
  m_ObjectHideFlags: 0
  m_PrefabParentObject: {fileID: 22245826, guid: d9e4d92b8ac02be4abbd660d49dc97dc,
    type: 2}
  m_PrefabInternal: {fileID: 651843323}
  m_GameObject: {fileID: 812594153}
--- !u!1 &833470098
GameObject:
  m_ObjectHideFlags: 0
  m_PrefabParentObject: {fileID: 145830, guid: d9e4d92b8ac02be4abbd660d49dc97dc, type: 2}
  m_PrefabInternal: {fileID: 651843323}
  serializedVersion: 5
  m_Component:
  - component: {fileID: 833470099}
  - component: {fileID: 833470100}
  m_Layer: 5
  m_Name: Timer
  m_TagString: Untagged
  m_Icon: {fileID: 0}
  m_NavMeshLayer: 0
  m_StaticEditorFlags: 0
  m_IsActive: 1
--- !u!224 &833470099
RectTransform:
  m_ObjectHideFlags: 0
  m_PrefabParentObject: {fileID: 22445830, guid: d9e4d92b8ac02be4abbd660d49dc97dc,
    type: 2}
  m_PrefabInternal: {fileID: 651843323}
  m_GameObject: {fileID: 833470098}
  m_LocalRotation: {x: 0, y: 0, z: 0, w: 1}
  m_LocalPosition: {x: 0, y: 0, z: 0}
  m_LocalScale: {x: 1, y: 1, z: 1}
  m_Children:
  - {fileID: 446005829}
  - {fileID: 155334828}
  - {fileID: 485948601}
  - {fileID: 1970852301}
  - {fileID: 609243361}
  m_Father: {fileID: 44802318}
  m_RootOrder: 9
  m_LocalEulerAnglesHint: {x: 0, y: 0, z: 0}
  m_AnchorMin: {x: 0.5, y: 0.5}
  m_AnchorMax: {x: 0.5, y: 0.5}
  m_AnchoredPosition: {x: 0, y: -334.5}
  m_SizeDelta: {x: 406.3, y: 20}
  m_Pivot: {x: 0.5, y: 0.5}
--- !u!114 &833470100
MonoBehaviour:
  m_ObjectHideFlags: 0
  m_PrefabParentObject: {fileID: 11445836, guid: d9e4d92b8ac02be4abbd660d49dc97dc,
    type: 2}
  m_PrefabInternal: {fileID: 651843323}
  m_GameObject: {fileID: 833470098}
  m_Enabled: 1
  m_EditorHideFlags: 0
  m_Script: {fileID: -113659843, guid: f5f67c52d1564df4a8936ccd202a3bd8, type: 3}
  m_Name: 
  m_EditorClassIdentifier: 
  m_Navigation:
    m_Mode: 3
    m_SelectOnUp: {fileID: 0}
    m_SelectOnDown: {fileID: 0}
    m_SelectOnLeft: {fileID: 0}
    m_SelectOnRight: {fileID: 0}
  m_Transition: 1
  m_Colors:
    m_NormalColor: {r: 1, g: 1, b: 1, a: 1}
    m_HighlightedColor: {r: 0.9607843, g: 0.9607843, b: 0.9607843, a: 1}
    m_PressedColor: {r: 0.78431374, g: 0.78431374, b: 0.78431374, a: 1}
    m_DisabledColor: {r: 0.78431374, g: 0.78431374, b: 0.78431374, a: 0.5019608}
    m_ColorMultiplier: 1
    m_FadeDuration: 0.1
  m_SpriteState:
    m_HighlightedSprite: {fileID: 0}
    m_PressedSprite: {fileID: 0}
    m_DisabledSprite: {fileID: 0}
  m_AnimationTriggers:
    m_NormalTrigger: Normal
    m_HighlightedTrigger: Highlighted
    m_PressedTrigger: Pressed
    m_DisabledTrigger: Disabled
  m_Interactable: 1
  m_TargetGraphic: {fileID: 2059222842}
  m_FillRect: {fileID: 973564055}
  m_HandleRect: {fileID: 2059222841}
  m_Direction: 0
  m_MinValue: 0
  m_MaxValue: 1
  m_WholeNumbers: 0
  m_Value: 0.277
  m_OnValueChanged:
    m_PersistentCalls:
      m_Calls: []
    m_TypeName: UnityEngine.UI.Slider+SliderEvent, UnityEngine.UI, Version=1.0.0.0,
      Culture=neutral, PublicKeyToken=null
--- !u!1 &836152931
GameObject:
  m_ObjectHideFlags: 0
  m_PrefabParentObject: {fileID: 145818, guid: d9e4d92b8ac02be4abbd660d49dc97dc, type: 2}
  m_PrefabInternal: {fileID: 651843323}
  serializedVersion: 5
  m_Component:
  - component: {fileID: 836152932}
  - component: {fileID: 836152935}
  - component: {fileID: 836152934}
  - component: {fileID: 836152933}
  m_Layer: 5
  m_Name: Button
  m_TagString: Untagged
  m_Icon: {fileID: 0}
  m_NavMeshLayer: 0
  m_StaticEditorFlags: 0
  m_IsActive: 1
--- !u!224 &836152932
RectTransform:
  m_ObjectHideFlags: 0
  m_PrefabParentObject: {fileID: 22445818, guid: d9e4d92b8ac02be4abbd660d49dc97dc,
    type: 2}
  m_PrefabInternal: {fileID: 651843323}
  m_GameObject: {fileID: 836152931}
  m_LocalRotation: {x: 0, y: 0, z: 0, w: 1}
  m_LocalPosition: {x: 0, y: 0, z: 0}
  m_LocalScale: {x: 1, y: 1, z: 1}
  m_Children: []
  m_Father: {fileID: 44802318}
  m_RootOrder: 0
  m_LocalEulerAnglesHint: {x: 0, y: 0, z: 0}
  m_AnchorMin: {x: 0.5, y: 0.5}
  m_AnchorMax: {x: 0.5, y: 0.5}
  m_AnchoredPosition: {x: 6, y: -240.3}
  m_SizeDelta: {x: 31.3, y: 37.304}
  m_Pivot: {x: 0.5, y: 0.5}
--- !u!114 &836152933
MonoBehaviour:
  m_ObjectHideFlags: 0
  m_PrefabParentObject: {fileID: 11445818, guid: d9e4d92b8ac02be4abbd660d49dc97dc,
    type: 2}
  m_PrefabInternal: {fileID: 651843323}
  m_GameObject: {fileID: 836152931}
  m_Enabled: 1
  m_EditorHideFlags: 0
  m_Script: {fileID: 1392445389, guid: f5f67c52d1564df4a8936ccd202a3bd8, type: 3}
  m_Name: 
  m_EditorClassIdentifier: 
  m_Navigation:
    m_Mode: 3
    m_SelectOnUp: {fileID: 0}
    m_SelectOnDown: {fileID: 0}
    m_SelectOnLeft: {fileID: 0}
    m_SelectOnRight: {fileID: 0}
  m_Transition: 1
  m_Colors:
    m_NormalColor: {r: 1, g: 1, b: 1, a: 1}
    m_HighlightedColor: {r: 0.9607843, g: 0.9607843, b: 0.9607843, a: 1}
    m_PressedColor: {r: 0.78431374, g: 0.78431374, b: 0.78431374, a: 1}
    m_DisabledColor: {r: 0.78431374, g: 0.78431374, b: 0.78431374, a: 0.5019608}
    m_ColorMultiplier: 1
    m_FadeDuration: 0.1
  m_SpriteState:
    m_HighlightedSprite: {fileID: 0}
    m_PressedSprite: {fileID: 0}
    m_DisabledSprite: {fileID: 0}
  m_AnimationTriggers:
    m_NormalTrigger: Normal
    m_HighlightedTrigger: Highlighted
    m_PressedTrigger: Pressed
    m_DisabledTrigger: Disabled
  m_Interactable: 1
  m_TargetGraphic: {fileID: 836152934}
  m_OnClick:
    m_PersistentCalls:
      m_Calls: []
    m_TypeName: UnityEngine.UI.Button+ButtonClickedEvent, UnityEngine.UI, Version=1.0.0.0,
      Culture=neutral, PublicKeyToken=null
--- !u!114 &836152934
MonoBehaviour:
  m_ObjectHideFlags: 0
  m_PrefabParentObject: {fileID: 11445820, guid: d9e4d92b8ac02be4abbd660d49dc97dc,
    type: 2}
  m_PrefabInternal: {fileID: 651843323}
  m_GameObject: {fileID: 836152931}
  m_Enabled: 1
  m_EditorHideFlags: 0
  m_Script: {fileID: -765806418, guid: f5f67c52d1564df4a8936ccd202a3bd8, type: 3}
  m_Name: 
  m_EditorClassIdentifier: 
  m_Material: {fileID: 0}
  m_Color: {r: 1, g: 1, b: 1, a: 1}
  m_RaycastTarget: 1
  m_OnCullStateChanged:
    m_PersistentCalls:
      m_Calls: []
    m_TypeName: UnityEngine.UI.MaskableGraphic+CullStateChangedEvent, UnityEngine.UI,
      Version=1.0.0.0, Culture=neutral, PublicKeyToken=null
  m_Sprite: {fileID: 21300000, guid: 7ec47acafbe0c4b79aff5aa9019068ba, type: 3}
  m_Type: 0
  m_PreserveAspect: 0
  m_FillCenter: 1
  m_FillMethod: 4
  m_FillAmount: 1
  m_FillClockwise: 1
  m_FillOrigin: 0
--- !u!222 &836152935
CanvasRenderer:
  m_ObjectHideFlags: 0
  m_PrefabParentObject: {fileID: 22245816, guid: d9e4d92b8ac02be4abbd660d49dc97dc,
    type: 2}
  m_PrefabInternal: {fileID: 651843323}
  m_GameObject: {fileID: 836152931}
--- !u!1 &880039592
GameObject:
  m_ObjectHideFlags: 0
  m_PrefabParentObject: {fileID: 145836, guid: d9e4d92b8ac02be4abbd660d49dc97dc, type: 2}
  m_PrefabInternal: {fileID: 651843323}
  serializedVersion: 5
  m_Component:
  - component: {fileID: 880039593}
  - component: {fileID: 880039596}
  - component: {fileID: 880039595}
  - component: {fileID: 880039594}
  m_Layer: 5
  m_Name: Button
  m_TagString: Untagged
  m_Icon: {fileID: 0}
  m_NavMeshLayer: 0
  m_StaticEditorFlags: 0
  m_IsActive: 1
--- !u!224 &880039593
RectTransform:
  m_ObjectHideFlags: 0
  m_PrefabParentObject: {fileID: 22445836, guid: d9e4d92b8ac02be4abbd660d49dc97dc,
    type: 2}
  m_PrefabInternal: {fileID: 651843323}
  m_GameObject: {fileID: 880039592}
  m_LocalRotation: {x: 0, y: 0, z: 1, w: -0.00000004371139}
  m_LocalPosition: {x: 0, y: 0, z: 0}
  m_LocalScale: {x: 1, y: 1, z: 1}
  m_Children: []
  m_Father: {fileID: 44802318}
  m_RootOrder: 2
  m_LocalEulerAnglesHint: {x: 0, y: 0, z: 0}
  m_AnchorMin: {x: 0.5, y: 0.5}
  m_AnchorMax: {x: 0.5, y: 0.5}
  m_AnchoredPosition: {x: -115, y: -240.3}
  m_SizeDelta: {x: 49, y: 30}
  m_Pivot: {x: 0.5, y: 0.5}
--- !u!114 &880039594
MonoBehaviour:
  m_ObjectHideFlags: 0
  m_PrefabParentObject: {fileID: 11445844, guid: d9e4d92b8ac02be4abbd660d49dc97dc,
    type: 2}
  m_PrefabInternal: {fileID: 651843323}
  m_GameObject: {fileID: 880039592}
  m_Enabled: 1
  m_EditorHideFlags: 0
  m_Script: {fileID: 1392445389, guid: f5f67c52d1564df4a8936ccd202a3bd8, type: 3}
  m_Name: 
  m_EditorClassIdentifier: 
  m_Navigation:
    m_Mode: 3
    m_SelectOnUp: {fileID: 0}
    m_SelectOnDown: {fileID: 0}
    m_SelectOnLeft: {fileID: 0}
    m_SelectOnRight: {fileID: 0}
  m_Transition: 1
  m_Colors:
    m_NormalColor: {r: 1, g: 1, b: 1, a: 1}
    m_HighlightedColor: {r: 0.9607843, g: 0.9607843, b: 0.9607843, a: 1}
    m_PressedColor: {r: 0.78431374, g: 0.78431374, b: 0.78431374, a: 1}
    m_DisabledColor: {r: 0.78431374, g: 0.78431374, b: 0.78431374, a: 0.5019608}
    m_ColorMultiplier: 1
    m_FadeDuration: 0.1
  m_SpriteState:
    m_HighlightedSprite: {fileID: 0}
    m_PressedSprite: {fileID: 0}
    m_DisabledSprite: {fileID: 0}
  m_AnimationTriggers:
    m_NormalTrigger: Normal
    m_HighlightedTrigger: Highlighted
    m_PressedTrigger: Pressed
    m_DisabledTrigger: Disabled
  m_Interactable: 1
  m_TargetGraphic: {fileID: 880039595}
  m_OnClick:
    m_PersistentCalls:
      m_Calls: []
    m_TypeName: UnityEngine.UI.Button+ButtonClickedEvent, UnityEngine.UI, Version=1.0.0.0,
      Culture=neutral, PublicKeyToken=null
--- !u!114 &880039595
MonoBehaviour:
  m_ObjectHideFlags: 0
  m_PrefabParentObject: {fileID: 11445846, guid: d9e4d92b8ac02be4abbd660d49dc97dc,
    type: 2}
  m_PrefabInternal: {fileID: 651843323}
  m_GameObject: {fileID: 880039592}
  m_Enabled: 1
  m_EditorHideFlags: 0
  m_Script: {fileID: -765806418, guid: f5f67c52d1564df4a8936ccd202a3bd8, type: 3}
  m_Name: 
  m_EditorClassIdentifier: 
  m_Material: {fileID: 0}
  m_Color: {r: 1, g: 1, b: 1, a: 1}
  m_RaycastTarget: 1
  m_OnCullStateChanged:
    m_PersistentCalls:
      m_Calls: []
    m_TypeName: UnityEngine.UI.MaskableGraphic+CullStateChangedEvent, UnityEngine.UI,
      Version=1.0.0.0, Culture=neutral, PublicKeyToken=null
  m_Sprite: {fileID: 21300000, guid: 8d3e2c3d8e35f45a799d6dfec6e953a2, type: 3}
  m_Type: 0
  m_PreserveAspect: 0
  m_FillCenter: 1
  m_FillMethod: 4
  m_FillAmount: 1
  m_FillClockwise: 1
  m_FillOrigin: 0
--- !u!222 &880039596
CanvasRenderer:
  m_ObjectHideFlags: 0
  m_PrefabParentObject: {fileID: 22245832, guid: d9e4d92b8ac02be4abbd660d49dc97dc,
    type: 2}
  m_PrefabInternal: {fileID: 651843323}
  m_GameObject: {fileID: 880039592}
--- !u!1 &973564054
GameObject:
  m_ObjectHideFlags: 0
  m_PrefabParentObject: {fileID: 145826, guid: d9e4d92b8ac02be4abbd660d49dc97dc, type: 2}
  m_PrefabInternal: {fileID: 651843323}
  serializedVersion: 5
  m_Component:
  - component: {fileID: 973564055}
  - component: {fileID: 973564057}
  - component: {fileID: 973564056}
  m_Layer: 5
  m_Name: Fill
  m_TagString: Untagged
  m_Icon: {fileID: 0}
  m_NavMeshLayer: 0
  m_StaticEditorFlags: 0
  m_IsActive: 1
--- !u!224 &973564055
RectTransform:
  m_ObjectHideFlags: 0
  m_PrefabParentObject: {fileID: 22445826, guid: d9e4d92b8ac02be4abbd660d49dc97dc,
    type: 2}
  m_PrefabInternal: {fileID: 651843323}
  m_GameObject: {fileID: 973564054}
  m_LocalRotation: {x: 0, y: 0, z: 0, w: 1}
  m_LocalPosition: {x: 0, y: 0, z: 0}
  m_LocalScale: {x: 1, y: 1, z: 1}
  m_Children: []
  m_Father: {fileID: 155334828}
  m_RootOrder: 0
  m_LocalEulerAnglesHint: {x: 0, y: 0, z: 0}
  m_AnchorMin: {x: 0, y: 0}
  m_AnchorMax: {x: 0, y: 0}
  m_AnchoredPosition: {x: 2.5000014, y: 0}
  m_SizeDelta: {x: 5, y: -4}
  m_Pivot: {x: 0.5, y: 0.5}
--- !u!114 &973564056
MonoBehaviour:
  m_ObjectHideFlags: 0
  m_PrefabParentObject: {fileID: 11445832, guid: d9e4d92b8ac02be4abbd660d49dc97dc,
    type: 2}
  m_PrefabInternal: {fileID: 651843323}
  m_GameObject: {fileID: 973564054}
  m_Enabled: 1
  m_EditorHideFlags: 0
  m_Script: {fileID: -765806418, guid: f5f67c52d1564df4a8936ccd202a3bd8, type: 3}
  m_Name: 
  m_EditorClassIdentifier: 
  m_Material: {fileID: 0}
  m_Color: {r: 0.99215686, g: 0.4509804, b: 0.44313726, a: 1}
  m_RaycastTarget: 1
  m_OnCullStateChanged:
    m_PersistentCalls:
      m_Calls: []
    m_TypeName: UnityEngine.UI.MaskableGraphic+CullStateChangedEvent, UnityEngine.UI,
      Version=1.0.0.0, Culture=neutral, PublicKeyToken=null
  m_Sprite: {fileID: 21300000, guid: 7ed1238760b863f4aafde32ab3a6f28c, type: 3}
  m_Type: 1
  m_PreserveAspect: 0
  m_FillCenter: 1
  m_FillMethod: 4
  m_FillAmount: 1
  m_FillClockwise: 1
  m_FillOrigin: 0
--- !u!222 &973564057
CanvasRenderer:
  m_ObjectHideFlags: 0
  m_PrefabParentObject: {fileID: 22245824, guid: d9e4d92b8ac02be4abbd660d49dc97dc,
    type: 2}
  m_PrefabInternal: {fileID: 651843323}
  m_GameObject: {fileID: 973564054}
--- !u!1 &1120175779
GameObject:
  m_ObjectHideFlags: 0
  m_PrefabParentObject: {fileID: 145834, guid: d9e4d92b8ac02be4abbd660d49dc97dc, type: 2}
  m_PrefabInternal: {fileID: 651843323}
  serializedVersion: 5
  m_Component:
  - component: {fileID: 1120175780}
  - component: {fileID: 1120175783}
  - component: {fileID: 1120175782}
  - component: {fileID: 1120175781}
  m_Layer: 5
  m_Name: Button
  m_TagString: Untagged
  m_Icon: {fileID: 0}
  m_NavMeshLayer: 0
  m_StaticEditorFlags: 0
  m_IsActive: 1
--- !u!224 &1120175780
RectTransform:
  m_ObjectHideFlags: 0
  m_PrefabParentObject: {fileID: 22445834, guid: d9e4d92b8ac02be4abbd660d49dc97dc,
    type: 2}
  m_PrefabInternal: {fileID: 651843323}
  m_GameObject: {fileID: 1120175779}
  m_LocalRotation: {x: 0, y: 0, z: 0, w: 1}
  m_LocalPosition: {x: 0, y: 0, z: 0}
  m_LocalScale: {x: 0.8, y: 0.8, z: 1}
  m_Children: []
  m_Father: {fileID: 44802318}
  m_RootOrder: 5
  m_LocalEulerAnglesHint: {x: 0, y: 0, z: 0}
  m_AnchorMin: {x: 0.5, y: 0.5}
  m_AnchorMax: {x: 0.5, y: 0.5}
  m_AnchoredPosition: {x: 220, y: -507.2}
  m_SizeDelta: {x: 47, y: 40}
  m_Pivot: {x: 0.5, y: 0.5}
--- !u!114 &1120175781
MonoBehaviour:
  m_ObjectHideFlags: 0
  m_PrefabParentObject: {fileID: 11445840, guid: d9e4d92b8ac02be4abbd660d49dc97dc,
    type: 2}
  m_PrefabInternal: {fileID: 651843323}
  m_GameObject: {fileID: 1120175779}
  m_Enabled: 1
  m_EditorHideFlags: 0
  m_Script: {fileID: 1392445389, guid: f5f67c52d1564df4a8936ccd202a3bd8, type: 3}
  m_Name: 
  m_EditorClassIdentifier: 
  m_Navigation:
    m_Mode: 3
    m_SelectOnUp: {fileID: 0}
    m_SelectOnDown: {fileID: 0}
    m_SelectOnLeft: {fileID: 0}
    m_SelectOnRight: {fileID: 0}
  m_Transition: 1
  m_Colors:
    m_NormalColor: {r: 1, g: 1, b: 1, a: 1}
    m_HighlightedColor: {r: 0.9607843, g: 0.9607843, b: 0.9607843, a: 1}
    m_PressedColor: {r: 0.78431374, g: 0.78431374, b: 0.78431374, a: 1}
    m_DisabledColor: {r: 0.78431374, g: 0.78431374, b: 0.78431374, a: 0.5019608}
    m_ColorMultiplier: 1
    m_FadeDuration: 0.1
  m_SpriteState:
    m_HighlightedSprite: {fileID: 0}
    m_PressedSprite: {fileID: 0}
    m_DisabledSprite: {fileID: 0}
  m_AnimationTriggers:
    m_NormalTrigger: Normal
    m_HighlightedTrigger: Highlighted
    m_PressedTrigger: Pressed
    m_DisabledTrigger: Disabled
  m_Interactable: 1
  m_TargetGraphic: {fileID: 1120175782}
  m_OnClick:
    m_PersistentCalls:
      m_Calls: []
    m_TypeName: UnityEngine.UI.Button+ButtonClickedEvent, UnityEngine.UI, Version=1.0.0.0,
      Culture=neutral, PublicKeyToken=null
--- !u!114 &1120175782
MonoBehaviour:
  m_ObjectHideFlags: 0
  m_PrefabParentObject: {fileID: 11445842, guid: d9e4d92b8ac02be4abbd660d49dc97dc,
    type: 2}
  m_PrefabInternal: {fileID: 651843323}
  m_GameObject: {fileID: 1120175779}
  m_Enabled: 1
  m_EditorHideFlags: 0
  m_Script: {fileID: -765806418, guid: f5f67c52d1564df4a8936ccd202a3bd8, type: 3}
  m_Name: 
  m_EditorClassIdentifier: 
  m_Material: {fileID: 0}
  m_Color: {r: 1, g: 1, b: 1, a: 1}
  m_RaycastTarget: 1
  m_OnCullStateChanged:
    m_PersistentCalls:
      m_Calls: []
    m_TypeName: UnityEngine.UI.MaskableGraphic+CullStateChangedEvent, UnityEngine.UI,
      Version=1.0.0.0, Culture=neutral, PublicKeyToken=null
  m_Sprite: {fileID: 21300000, guid: 8fa6c013eb48a4ee1a581ae0c6921a3a, type: 3}
  m_Type: 0
  m_PreserveAspect: 0
  m_FillCenter: 1
  m_FillMethod: 4
  m_FillAmount: 1
  m_FillClockwise: 1
  m_FillOrigin: 0
--- !u!222 &1120175783
CanvasRenderer:
  m_ObjectHideFlags: 0
  m_PrefabParentObject: {fileID: 22245830, guid: d9e4d92b8ac02be4abbd660d49dc97dc,
    type: 2}
  m_PrefabInternal: {fileID: 651843323}
  m_GameObject: {fileID: 1120175779}
--- !u!1 &1121559153
GameObject:
  m_ObjectHideFlags: 0
  m_PrefabParentObject: {fileID: 145840, guid: d9e4d92b8ac02be4abbd660d49dc97dc, type: 2}
  m_PrefabInternal: {fileID: 651843323}
  serializedVersion: 5
  m_Component:
  - component: {fileID: 1121559154}
  - component: {fileID: 1121559157}
  - component: {fileID: 1121559156}
  - component: {fileID: 1121559155}
  m_Layer: 5
  m_Name: Button
  m_TagString: Untagged
  m_Icon: {fileID: 0}
  m_NavMeshLayer: 0
  m_StaticEditorFlags: 0
  m_IsActive: 1
--- !u!224 &1121559154
RectTransform:
  m_ObjectHideFlags: 0
  m_PrefabParentObject: {fileID: 22445840, guid: d9e4d92b8ac02be4abbd660d49dc97dc,
    type: 2}
  m_PrefabInternal: {fileID: 651843323}
  m_GameObject: {fileID: 1121559153}
  m_LocalRotation: {x: 0, y: 0, z: 0, w: 1}
  m_LocalPosition: {x: 0, y: 0, z: 0}
  m_LocalScale: {x: 1, y: 1, z: 1}
  m_Children: []
  m_Father: {fileID: 1612763575}
  m_RootOrder: 0
  m_LocalEulerAnglesHint: {x: 0, y: 0, z: 0}
  m_AnchorMin: {x: 0.5, y: 0.5}
  m_AnchorMax: {x: 0.5, y: 0.5}
  m_AnchoredPosition: {x: -233, y: 0}
  m_SizeDelta: {x: 44, y: 21}
  m_Pivot: {x: 0.5, y: 0.5}
--- !u!114 &1121559155
MonoBehaviour:
  m_ObjectHideFlags: 0
  m_PrefabParentObject: {fileID: 11445848, guid: d9e4d92b8ac02be4abbd660d49dc97dc,
    type: 2}
  m_PrefabInternal: {fileID: 651843323}
  m_GameObject: {fileID: 1121559153}
  m_Enabled: 1
  m_EditorHideFlags: 0
  m_Script: {fileID: 1392445389, guid: f5f67c52d1564df4a8936ccd202a3bd8, type: 3}
  m_Name: 
  m_EditorClassIdentifier: 
  m_Navigation:
    m_Mode: 3
    m_SelectOnUp: {fileID: 0}
    m_SelectOnDown: {fileID: 0}
    m_SelectOnLeft: {fileID: 0}
    m_SelectOnRight: {fileID: 0}
  m_Transition: 1
  m_Colors:
    m_NormalColor: {r: 1, g: 1, b: 1, a: 1}
    m_HighlightedColor: {r: 0.9607843, g: 0.9607843, b: 0.9607843, a: 1}
    m_PressedColor: {r: 0.78431374, g: 0.78431374, b: 0.78431374, a: 1}
    m_DisabledColor: {r: 0.78431374, g: 0.78431374, b: 0.78431374, a: 0.5019608}
    m_ColorMultiplier: 1
    m_FadeDuration: 0.1
  m_SpriteState:
    m_HighlightedSprite: {fileID: 0}
    m_PressedSprite: {fileID: 0}
    m_DisabledSprite: {fileID: 0}
  m_AnimationTriggers:
    m_NormalTrigger: Normal
    m_HighlightedTrigger: Highlighted
    m_PressedTrigger: Pressed
    m_DisabledTrigger: Disabled
  m_Interactable: 1
  m_TargetGraphic: {fileID: 1121559156}
  m_OnClick:
    m_PersistentCalls:
      m_Calls: []
    m_TypeName: UnityEngine.UI.Button+ButtonClickedEvent, UnityEngine.UI, Version=1.0.0.0,
      Culture=neutral, PublicKeyToken=null
--- !u!114 &1121559156
MonoBehaviour:
  m_ObjectHideFlags: 0
  m_PrefabParentObject: {fileID: 11445850, guid: d9e4d92b8ac02be4abbd660d49dc97dc,
    type: 2}
  m_PrefabInternal: {fileID: 651843323}
  m_GameObject: {fileID: 1121559153}
  m_Enabled: 1
  m_EditorHideFlags: 0
  m_Script: {fileID: -765806418, guid: f5f67c52d1564df4a8936ccd202a3bd8, type: 3}
  m_Name: 
  m_EditorClassIdentifier: 
  m_Material: {fileID: 0}
  m_Color: {r: 1, g: 1, b: 1, a: 1}
  m_RaycastTarget: 1
  m_OnCullStateChanged:
    m_PersistentCalls:
      m_Calls: []
    m_TypeName: UnityEngine.UI.MaskableGraphic+CullStateChangedEvent, UnityEngine.UI,
      Version=1.0.0.0, Culture=neutral, PublicKeyToken=null
  m_Sprite: {fileID: 21300000, guid: 6f0585d78f4714954a785e193852cc74, type: 3}
  m_Type: 0
  m_PreserveAspect: 0
  m_FillCenter: 1
  m_FillMethod: 4
  m_FillAmount: 1
  m_FillClockwise: 1
  m_FillOrigin: 0
--- !u!222 &1121559157
CanvasRenderer:
  m_ObjectHideFlags: 0
  m_PrefabParentObject: {fileID: 22245834, guid: d9e4d92b8ac02be4abbd660d49dc97dc,
    type: 2}
  m_PrefabInternal: {fileID: 651843323}
  m_GameObject: {fileID: 1121559153}
--- !u!1 &1280626447
GameObject:
  m_ObjectHideFlags: 0
  m_PrefabParentObject: {fileID: 145850, guid: d9e4d92b8ac02be4abbd660d49dc97dc, type: 2}
  m_PrefabInternal: {fileID: 651843323}
  serializedVersion: 5
  m_Component:
  - component: {fileID: 1280626448}
  - component: {fileID: 1280626450}
  - component: {fileID: 1280626449}
  m_Layer: 5
  m_Name: Image
  m_TagString: Untagged
  m_Icon: {fileID: 0}
  m_NavMeshLayer: 0
  m_StaticEditorFlags: 0
  m_IsActive: 1
--- !u!224 &1280626448
RectTransform:
  m_ObjectHideFlags: 0
  m_PrefabParentObject: {fileID: 22445850, guid: d9e4d92b8ac02be4abbd660d49dc97dc,
    type: 2}
  m_PrefabInternal: {fileID: 651843323}
  m_GameObject: {fileID: 1280626447}
  m_LocalRotation: {x: 0, y: 0, z: 0, w: 1}
  m_LocalPosition: {x: 0, y: 0, z: 0}
  m_LocalScale: {x: 1, y: 1, z: 1}
  m_Children: []
  m_Father: {fileID: 532378108}
  m_RootOrder: 1
  m_LocalEulerAnglesHint: {x: 0, y: 0, z: 0}
  m_AnchorMin: {x: 0.5, y: 0.5}
  m_AnchorMax: {x: 0.5, y: 0.5}
  m_AnchoredPosition: {x: 0, y: 0}
  m_SizeDelta: {x: 342.5, y: 342.5}
  m_Pivot: {x: 0.5, y: 0.5}
--- !u!114 &1280626449
MonoBehaviour:
  m_ObjectHideFlags: 0
  m_PrefabParentObject: {fileID: 11445862, guid: d9e4d92b8ac02be4abbd660d49dc97dc,
    type: 2}
  m_PrefabInternal: {fileID: 651843323}
  m_GameObject: {fileID: 1280626447}
  m_Enabled: 1
  m_EditorHideFlags: 0
  m_Script: {fileID: -765806418, guid: f5f67c52d1564df4a8936ccd202a3bd8, type: 3}
  m_Name: 
  m_EditorClassIdentifier: 
  m_Material: {fileID: 0}
  m_Color: {r: 1, g: 1, b: 1, a: 0.05882353}
  m_RaycastTarget: 1
  m_OnCullStateChanged:
    m_PersistentCalls:
      m_Calls: []
    m_TypeName: UnityEngine.UI.MaskableGraphic+CullStateChangedEvent, UnityEngine.UI,
      Version=1.0.0.0, Culture=neutral, PublicKeyToken=null
  m_Sprite: {fileID: 21300000, guid: c4f365291f5513c4f90ea007ba10a8bd, type: 3}
  m_Type: 1
  m_PreserveAspect: 0
  m_FillCenter: 1
  m_FillMethod: 4
  m_FillAmount: 1
  m_FillClockwise: 1
  m_FillOrigin: 0
--- !u!222 &1280626450
CanvasRenderer:
  m_ObjectHideFlags: 0
  m_PrefabParentObject: {fileID: 22245844, guid: d9e4d92b8ac02be4abbd660d49dc97dc,
    type: 2}
  m_PrefabInternal: {fileID: 651843323}
  m_GameObject: {fileID: 1280626447}
--- !u!1 &1337922955
GameObject:
  m_ObjectHideFlags: 0
  m_PrefabParentObject: {fileID: 145854, guid: d9e4d92b8ac02be4abbd660d49dc97dc, type: 2}
  m_PrefabInternal: {fileID: 651843323}
  serializedVersion: 5
  m_Component:
  - component: {fileID: 1337922956}
  - component: {fileID: 1337922958}
  - component: {fileID: 1337922957}
  m_Layer: 5
  m_Name: Text
  m_TagString: Untagged
  m_Icon: {fileID: 0}
  m_NavMeshLayer: 0
  m_StaticEditorFlags: 0
  m_IsActive: 1
--- !u!224 &1337922956
RectTransform:
  m_ObjectHideFlags: 0
  m_PrefabParentObject: {fileID: 22445854, guid: d9e4d92b8ac02be4abbd660d49dc97dc,
    type: 2}
  m_PrefabInternal: {fileID: 651843323}
  m_GameObject: {fileID: 1337922955}
  m_LocalRotation: {x: 0, y: 0, z: 0, w: 1}
  m_LocalPosition: {x: 0, y: 0, z: 0}
  m_LocalScale: {x: 1, y: 1, z: 1}
  m_Children: []
  m_Father: {fileID: 532378108}
  m_RootOrder: 2
  m_LocalEulerAnglesHint: {x: 0, y: 0, z: 0}
  m_AnchorMin: {x: 0.5, y: 0.5}
  m_AnchorMax: {x: 0.5, y: 0.5}
  m_AnchoredPosition: {x: -0.1250031, y: 0}
  m_SizeDelta: {x: 342.25, y: 342.5}
  m_Pivot: {x: 0.5, y: 0.5}
--- !u!114 &1337922957
MonoBehaviour:
  m_ObjectHideFlags: 0
  m_PrefabParentObject: {fileID: 11445868, guid: d9e4d92b8ac02be4abbd660d49dc97dc,
    type: 2}
  m_PrefabInternal: {fileID: 651843323}
  m_GameObject: {fileID: 1337922955}
  m_Enabled: 1
  m_EditorHideFlags: 0
  m_Script: {fileID: 708705254, guid: f5f67c52d1564df4a8936ccd202a3bd8, type: 3}
  m_Name: 
  m_EditorClassIdentifier: 
  m_Material: {fileID: 0}
  m_Color: {r: 1, g: 1, b: 1, a: 0.40392157}
  m_RaycastTarget: 1
  m_OnCullStateChanged:
    m_PersistentCalls:
      m_Calls: []
    m_TypeName: UnityEngine.UI.MaskableGraphic+CullStateChangedEvent, UnityEngine.UI,
      Version=1.0.0.0, Culture=neutral, PublicKeyToken=null
  m_FontData:
    m_Font: {fileID: 12800000, guid: 5c425d43bb0df45ca8eb162d5154251e, type: 3}
    m_FontSize: 40
    m_FontStyle: 0
    m_BestFit: 0
    m_MinSize: 10
    m_MaxSize: 40
    m_Alignment: 4
    m_AlignByGeometry: 0
    m_RichText: 1
    m_HorizontalOverflow: 0
    m_VerticalOverflow: 0
    m_LineSpacing: 1
  m_Text: "\rGrinds"
--- !u!222 &1337922958
CanvasRenderer:
  m_ObjectHideFlags: 0
  m_PrefabParentObject: {fileID: 22245848, guid: d9e4d92b8ac02be4abbd660d49dc97dc,
    type: 2}
  m_PrefabInternal: {fileID: 651843323}
  m_GameObject: {fileID: 1337922955}
--- !u!1 &1382235931
GameObject:
  m_ObjectHideFlags: 0
  m_PrefabParentObject: {fileID: 145822, guid: d9e4d92b8ac02be4abbd660d49dc97dc, type: 2}
  m_PrefabInternal: {fileID: 651843323}
  serializedVersion: 5
  m_Component:
  - component: {fileID: 1382235932}
  - component: {fileID: 1382235935}
  - component: {fileID: 1382235934}
  - component: {fileID: 1382235933}
  m_Layer: 5
  m_Name: Button
  m_TagString: Untagged
  m_Icon: {fileID: 0}
  m_NavMeshLayer: 0
  m_StaticEditorFlags: 0
  m_IsActive: 1
--- !u!224 &1382235932
RectTransform:
  m_ObjectHideFlags: 0
  m_PrefabParentObject: {fileID: 22445822, guid: d9e4d92b8ac02be4abbd660d49dc97dc,
    type: 2}
  m_PrefabInternal: {fileID: 651843323}
  m_GameObject: {fileID: 1382235931}
  m_LocalRotation: {x: 0, y: 0, z: 0, w: 1}
  m_LocalPosition: {x: 0, y: 0, z: 0}
  m_LocalScale: {x: 1, y: 1, z: 1}
  m_Children: []
  m_Father: {fileID: 44802318}
  m_RootOrder: 1
  m_LocalEulerAnglesHint: {x: 0, y: 0, z: 0}
  m_AnchorMin: {x: 0.5, y: 0.5}
  m_AnchorMax: {x: 0.5, y: 0.5}
  m_AnchoredPosition: {x: 115, y: -240.3}
  m_SizeDelta: {x: 49, y: 30}
  m_Pivot: {x: 0.5, y: 0.5}
--- !u!114 &1382235933
MonoBehaviour:
  m_ObjectHideFlags: 0
  m_PrefabParentObject: {fileID: 11445826, guid: d9e4d92b8ac02be4abbd660d49dc97dc,
    type: 2}
  m_PrefabInternal: {fileID: 651843323}
  m_GameObject: {fileID: 1382235931}
  m_Enabled: 1
  m_EditorHideFlags: 0
  m_Script: {fileID: 1392445389, guid: f5f67c52d1564df4a8936ccd202a3bd8, type: 3}
  m_Name: 
  m_EditorClassIdentifier: 
  m_Navigation:
    m_Mode: 3
    m_SelectOnUp: {fileID: 0}
    m_SelectOnDown: {fileID: 0}
    m_SelectOnLeft: {fileID: 0}
    m_SelectOnRight: {fileID: 0}
  m_Transition: 1
  m_Colors:
    m_NormalColor: {r: 1, g: 1, b: 1, a: 1}
    m_HighlightedColor: {r: 0.9607843, g: 0.9607843, b: 0.9607843, a: 1}
    m_PressedColor: {r: 0.78431374, g: 0.78431374, b: 0.78431374, a: 1}
    m_DisabledColor: {r: 0.78431374, g: 0.78431374, b: 0.78431374, a: 0.5019608}
    m_ColorMultiplier: 1
    m_FadeDuration: 0.1
  m_SpriteState:
    m_HighlightedSprite: {fileID: 0}
    m_PressedSprite: {fileID: 0}
    m_DisabledSprite: {fileID: 0}
  m_AnimationTriggers:
    m_NormalTrigger: Normal
    m_HighlightedTrigger: Highlighted
    m_PressedTrigger: Pressed
    m_DisabledTrigger: Disabled
  m_Interactable: 1
  m_TargetGraphic: {fileID: 1382235934}
  m_OnClick:
    m_PersistentCalls:
      m_Calls: []
    m_TypeName: UnityEngine.UI.Button+ButtonClickedEvent, UnityEngine.UI, Version=1.0.0.0,
      Culture=neutral, PublicKeyToken=null
--- !u!114 &1382235934
MonoBehaviour:
  m_ObjectHideFlags: 0
  m_PrefabParentObject: {fileID: 11445828, guid: d9e4d92b8ac02be4abbd660d49dc97dc,
    type: 2}
  m_PrefabInternal: {fileID: 651843323}
  m_GameObject: {fileID: 1382235931}
  m_Enabled: 1
  m_EditorHideFlags: 0
  m_Script: {fileID: -765806418, guid: f5f67c52d1564df4a8936ccd202a3bd8, type: 3}
  m_Name: 
  m_EditorClassIdentifier: 
  m_Material: {fileID: 0}
  m_Color: {r: 1, g: 1, b: 1, a: 1}
  m_RaycastTarget: 1
  m_OnCullStateChanged:
    m_PersistentCalls:
      m_Calls: []
    m_TypeName: UnityEngine.UI.MaskableGraphic+CullStateChangedEvent, UnityEngine.UI,
      Version=1.0.0.0, Culture=neutral, PublicKeyToken=null
  m_Sprite: {fileID: 21300000, guid: 8d3e2c3d8e35f45a799d6dfec6e953a2, type: 3}
  m_Type: 0
  m_PreserveAspect: 0
  m_FillCenter: 1
  m_FillMethod: 4
  m_FillAmount: 1
  m_FillClockwise: 1
  m_FillOrigin: 0
--- !u!222 &1382235935
CanvasRenderer:
  m_ObjectHideFlags: 0
  m_PrefabParentObject: {fileID: 22245820, guid: d9e4d92b8ac02be4abbd660d49dc97dc,
    type: 2}
  m_PrefabInternal: {fileID: 651843323}
  m_GameObject: {fileID: 1382235931}
--- !u!1 &1500371475
GameObject:
  m_ObjectHideFlags: 0
  m_PrefabParentObject: {fileID: 0}
  m_PrefabInternal: {fileID: 0}
  serializedVersion: 5
  m_Component:
  - component: {fileID: 1500371479}
  - component: {fileID: 1500371478}
  - component: {fileID: 1500371477}
  - component: {fileID: 1500371476}
  m_Layer: 0
  m_Name: EventSystem
  m_TagString: Untagged
  m_Icon: {fileID: 0}
  m_NavMeshLayer: 0
  m_StaticEditorFlags: 0
  m_IsActive: 1
--- !u!114 &1500371476
MonoBehaviour:
  m_ObjectHideFlags: 0
  m_PrefabParentObject: {fileID: 0}
  m_PrefabInternal: {fileID: 0}
  m_GameObject: {fileID: 1500371475}
  m_Enabled: 1
  m_EditorHideFlags: 0
  m_Script: {fileID: 1997211142, guid: f5f67c52d1564df4a8936ccd202a3bd8, type: 3}
  m_Name: 
  m_EditorClassIdentifier: 
  m_ForceModuleActive: 0
--- !u!114 &1500371477
MonoBehaviour:
  m_ObjectHideFlags: 0
  m_PrefabParentObject: {fileID: 0}
  m_PrefabInternal: {fileID: 0}
  m_GameObject: {fileID: 1500371475}
  m_Enabled: 1
  m_EditorHideFlags: 0
  m_Script: {fileID: 1077351063, guid: f5f67c52d1564df4a8936ccd202a3bd8, type: 3}
  m_Name: 
  m_EditorClassIdentifier: 
  m_HorizontalAxis: Horizontal
  m_VerticalAxis: Vertical
  m_SubmitButton: Submit
  m_CancelButton: Cancel
  m_InputActionsPerSecond: 10
  m_RepeatDelay: 0.5
  m_ForceModuleActive: 0
--- !u!114 &1500371478
MonoBehaviour:
  m_ObjectHideFlags: 0
  m_PrefabParentObject: {fileID: 0}
  m_PrefabInternal: {fileID: 0}
  m_GameObject: {fileID: 1500371475}
  m_Enabled: 1
  m_EditorHideFlags: 0
  m_Script: {fileID: -619905303, guid: f5f67c52d1564df4a8936ccd202a3bd8, type: 3}
  m_Name: 
  m_EditorClassIdentifier: 
  m_FirstSelected: {fileID: 0}
  m_sendNavigationEvents: 1
  m_DragThreshold: 5
--- !u!4 &1500371479
Transform:
  m_ObjectHideFlags: 0
  m_PrefabParentObject: {fileID: 0}
  m_PrefabInternal: {fileID: 0}
  m_GameObject: {fileID: 1500371475}
  m_LocalRotation: {x: 0, y: 0, z: 0, w: 1}
  m_LocalPosition: {x: 0, y: 0, z: 0}
  m_LocalScale: {x: 1, y: 1, z: 1}
  m_Children: []
  m_Father: {fileID: 0}
  m_RootOrder: 1
  m_LocalEulerAnglesHint: {x: 0, y: 0, z: 0}
--- !u!1 &1511305452
GameObject:
  m_ObjectHideFlags: 0
  m_PrefabParentObject: {fileID: 0}
  m_PrefabInternal: {fileID: 0}
  serializedVersion: 5
  m_Component:
  - component: {fileID: 1511305453}
  m_Layer: 0
  m_Name: __SET_YOUR_GAMESCREEN_TO_640x1336
  m_TagString: Untagged
  m_Icon: {fileID: 0}
  m_NavMeshLayer: 0
  m_StaticEditorFlags: 0
  m_IsActive: 1
--- !u!4 &1511305453
Transform:
  m_ObjectHideFlags: 0
  m_PrefabParentObject: {fileID: 0}
  m_PrefabInternal: {fileID: 0}
  m_GameObject: {fileID: 1511305452}
  m_LocalRotation: {x: 0, y: 0, z: 0, w: 1}
  m_LocalPosition: {x: 494.995, y: 627.74, z: 0}
  m_LocalScale: {x: 1, y: 1, z: 1}
  m_Children: []
  m_Father: {fileID: 0}
  m_RootOrder: 2
  m_LocalEulerAnglesHint: {x: 0, y: 0, z: 0}
--- !u!1 &1612763574
GameObject:
  m_ObjectHideFlags: 0
  m_PrefabParentObject: {fileID: 145848, guid: d9e4d92b8ac02be4abbd660d49dc97dc, type: 2}
  m_PrefabInternal: {fileID: 651843323}
  serializedVersion: 5
  m_Component:
  - component: {fileID: 1612763575}
  - component: {fileID: 1612763577}
  - component: {fileID: 1612763576}
  m_Layer: 5
  m_Name: TopBar
  m_TagString: Untagged
  m_Icon: {fileID: 0}
  m_NavMeshLayer: 0
  m_StaticEditorFlags: 0
  m_IsActive: 1
--- !u!224 &1612763575
RectTransform:
  m_ObjectHideFlags: 0
  m_PrefabParentObject: {fileID: 22445848, guid: d9e4d92b8ac02be4abbd660d49dc97dc,
    type: 2}
  m_PrefabInternal: {fileID: 651843323}
  m_GameObject: {fileID: 1612763574}
  m_LocalRotation: {x: 0, y: 0, z: 0, w: 1}
  m_LocalPosition: {x: 0, y: 0, z: 0}
  m_LocalScale: {x: 1, y: 1, z: 1}
  m_Children:
  - {fileID: 1121559154}
  - {fileID: 673135819}
  m_Father: {fileID: 44802318}
  m_RootOrder: 10
  m_LocalEulerAnglesHint: {x: 0, y: 0, z: 0}
  m_AnchorMin: {x: 0.5, y: 0.5}
  m_AnchorMax: {x: 0.5, y: 0.5}
  m_AnchoredPosition: {x: 0, y: 500}
  m_SizeDelta: {x: 228.1, y: 67.1}
  m_Pivot: {x: 0.5, y: 0.5}
--- !u!114 &1612763576
MonoBehaviour:
  m_ObjectHideFlags: 0
  m_PrefabParentObject: {fileID: 11445860, guid: d9e4d92b8ac02be4abbd660d49dc97dc,
    type: 2}
  m_PrefabInternal: {fileID: 651843323}
  m_GameObject: {fileID: 1612763574}
  m_Enabled: 1
  m_EditorHideFlags: 0
  m_Script: {fileID: 708705254, guid: f5f67c52d1564df4a8936ccd202a3bd8, type: 3}
  m_Name: 
  m_EditorClassIdentifier: 
  m_Material: {fileID: 0}
  m_Color: {r: 1, g: 1, b: 1, a: 1}
  m_RaycastTarget: 1
  m_OnCullStateChanged:
    m_PersistentCalls:
      m_Calls: []
    m_TypeName: UnityEngine.UI.MaskableGraphic+CullStateChangedEvent, UnityEngine.UI,
      Version=1.0.0.0, Culture=neutral, PublicKeyToken=null
  m_FontData:
    m_Font: {fileID: 12800000, guid: bd1ea67ca2b5742d1a24fcbdc17c55e1, type: 3}
    m_FontSize: 30
    m_FontStyle: 0
    m_BestFit: 0
    m_MinSize: 10
    m_MaxSize: 40
    m_Alignment: 4
    m_AlignByGeometry: 0
    m_RichText: 1
    m_HorizontalOverflow: 0
    m_VerticalOverflow: 0
    m_LineSpacing: 1
  m_Text: Now Playing
--- !u!222 &1612763577
CanvasRenderer:
  m_ObjectHideFlags: 0
  m_PrefabParentObject: {fileID: 22245842, guid: d9e4d92b8ac02be4abbd660d49dc97dc,
    type: 2}
  m_PrefabInternal: {fileID: 651843323}
  m_GameObject: {fileID: 1612763574}
--- !u!1 &1617001833
GameObject:
  m_ObjectHideFlags: 0
  m_PrefabParentObject: {fileID: 145842, guid: d9e4d92b8ac02be4abbd660d49dc97dc, type: 2}
  m_PrefabInternal: {fileID: 651843323}
  serializedVersion: 5
  m_Component:
  - component: {fileID: 1617001834}
  - component: {fileID: 1617001836}
  - component: {fileID: 1617001835}
  m_Layer: 5
  m_Name: AppTitle
  m_TagString: Untagged
  m_Icon: {fileID: 0}
  m_NavMeshLayer: 0
  m_StaticEditorFlags: 0
  m_IsActive: 1
--- !u!224 &1617001834
RectTransform:
  m_ObjectHideFlags: 0
  m_PrefabParentObject: {fileID: 22445842, guid: d9e4d92b8ac02be4abbd660d49dc97dc,
    type: 2}
  m_PrefabInternal: {fileID: 651843323}
  m_GameObject: {fileID: 1617001833}
  m_LocalRotation: {x: 0, y: 0, z: 0, w: 1}
  m_LocalPosition: {x: 0, y: 0, z: 0}
  m_LocalScale: {x: 1, y: 1, z: 1}
  m_Children:
  - {fileID: 267839498}
  m_Father: {fileID: 271743821}
  m_RootOrder: 1
  m_LocalEulerAnglesHint: {x: 0, y: 0, z: 0}
  m_AnchorMin: {x: 0.5, y: 0.5}
  m_AnchorMax: {x: 0.5, y: 0.5}
  m_AnchoredPosition: {x: 27.5, y: 665}
  m_SizeDelta: {x: 695, y: 109}
  m_Pivot: {x: 0.5, y: 0.5}
--- !u!114 &1617001835
MonoBehaviour:
  m_ObjectHideFlags: 0
  m_PrefabParentObject: {fileID: 11445852, guid: d9e4d92b8ac02be4abbd660d49dc97dc,
    type: 2}
  m_PrefabInternal: {fileID: 651843323}
  m_GameObject: {fileID: 1617001833}
  m_Enabled: 1
  m_EditorHideFlags: 0
  m_Script: {fileID: 708705254, guid: f5f67c52d1564df4a8936ccd202a3bd8, type: 3}
  m_Name: 
  m_EditorClassIdentifier: 
  m_Material: {fileID: 0}
  m_Color: {r: 0.85490197, g: 0.85490197, b: 0.85490197, a: 1}
  m_RaycastTarget: 1
  m_OnCullStateChanged:
    m_PersistentCalls:
      m_Calls: []
    m_TypeName: UnityEngine.UI.MaskableGraphic+CullStateChangedEvent, UnityEngine.UI,
      Version=1.0.0.0, Culture=neutral, PublicKeyToken=null
  m_FontData:
    m_Font: {fileID: 12800000, guid: 218956a5c2a6e42d6a60afccf80b002b, type: 3}
    m_FontSize: 90
    m_FontStyle: 0
    m_BestFit: 0
    m_MinSize: 10
    m_MaxSize: 90
    m_Alignment: 0
    m_AlignByGeometry: 0
    m_RichText: 1
    m_HorizontalOverflow: 0
    m_VerticalOverflow: 1
    m_LineSpacing: 1
  m_Text: MUSIC PLAYER
--- !u!222 &1617001836
CanvasRenderer:
  m_ObjectHideFlags: 0
  m_PrefabParentObject: {fileID: 22245836, guid: d9e4d92b8ac02be4abbd660d49dc97dc,
    type: 2}
  m_PrefabInternal: {fileID: 651843323}
  m_GameObject: {fileID: 1617001833}
--- !u!1 &1952108588
GameObject:
  m_ObjectHideFlags: 0
  m_PrefabParentObject: {fileID: 145860, guid: d9e4d92b8ac02be4abbd660d49dc97dc, type: 2}
  m_PrefabInternal: {fileID: 651843323}
  serializedVersion: 5
  m_Component:
  - component: {fileID: 1952108589}
  - component: {fileID: 1952108591}
  - component: {fileID: 1952108590}
  m_Layer: 5
  m_Name: Image
  m_TagString: Untagged
  m_Icon: {fileID: 0}
  m_NavMeshLayer: 0
  m_StaticEditorFlags: 0
  m_IsActive: 1
--- !u!224 &1952108589
RectTransform:
  m_ObjectHideFlags: 0
  m_PrefabParentObject: {fileID: 22445860, guid: d9e4d92b8ac02be4abbd660d49dc97dc,
    type: 2}
  m_PrefabInternal: {fileID: 651843323}
  m_GameObject: {fileID: 1952108588}
  m_LocalRotation: {x: 0, y: 0, z: 0, w: 1}
  m_LocalPosition: {x: 0, y: 0, z: 0}
  m_LocalScale: {x: 1, y: 1, z: 1}
  m_Children: []
  m_Father: {fileID: 532378108}
  m_RootOrder: 0
  m_LocalEulerAnglesHint: {x: 0, y: 0, z: 0}
  m_AnchorMin: {x: 0.5, y: 0.5}
  m_AnchorMax: {x: 0.5, y: 0.5}
  m_AnchoredPosition: {x: -57, y: -0.0000054836273}
  m_SizeDelta: {x: 524, y: 349}
  m_Pivot: {x: 0.5, y: 0.5}
--- !u!114 &1952108590
MonoBehaviour:
  m_ObjectHideFlags: 0
  m_PrefabParentObject: {fileID: 11445874, guid: d9e4d92b8ac02be4abbd660d49dc97dc,
    type: 2}
  m_PrefabInternal: {fileID: 651843323}
  m_GameObject: {fileID: 1952108588}
  m_Enabled: 1
  m_EditorHideFlags: 0
  m_Script: {fileID: -765806418, guid: f5f67c52d1564df4a8936ccd202a3bd8, type: 3}
  m_Name: 
  m_EditorClassIdentifier: 
  m_Material: {fileID: 0}
  m_Color: {r: 1, g: 1, b: 1, a: 1}
  m_RaycastTarget: 1
  m_OnCullStateChanged:
    m_PersistentCalls:
      m_Calls: []
    m_TypeName: UnityEngine.UI.MaskableGraphic+CullStateChangedEvent, UnityEngine.UI,
      Version=1.0.0.0, Culture=neutral, PublicKeyToken=null
  m_Sprite: {fileID: 21300000, guid: c12ae905060fc354bb83f7bf14d807d4, type: 3}
  m_Type: 0
  m_PreserveAspect: 0
  m_FillCenter: 1
  m_FillMethod: 4
  m_FillAmount: 1
  m_FillClockwise: 1
  m_FillOrigin: 0
--- !u!222 &1952108591
CanvasRenderer:
  m_ObjectHideFlags: 0
  m_PrefabParentObject: {fileID: 22245854, guid: d9e4d92b8ac02be4abbd660d49dc97dc,
    type: 2}
  m_PrefabInternal: {fileID: 651843323}
  m_GameObject: {fileID: 1952108588}
--- !u!1 &1970852300
GameObject:
  m_ObjectHideFlags: 0
  m_PrefabParentObject: {fileID: 145856, guid: d9e4d92b8ac02be4abbd660d49dc97dc, type: 2}
  m_PrefabInternal: {fileID: 651843323}
  serializedVersion: 5
  m_Component:
  - component: {fileID: 1970852301}
  - component: {fileID: 1970852303}
  - component: {fileID: 1970852302}
  m_Layer: 5
  m_Name: Text
  m_TagString: Untagged
  m_Icon: {fileID: 0}
  m_NavMeshLayer: 0
  m_StaticEditorFlags: 0
  m_IsActive: 1
--- !u!224 &1970852301
RectTransform:
  m_ObjectHideFlags: 0
  m_PrefabParentObject: {fileID: 22445856, guid: d9e4d92b8ac02be4abbd660d49dc97dc,
    type: 2}
  m_PrefabInternal: {fileID: 651843323}
  m_GameObject: {fileID: 1970852300}
  m_LocalRotation: {x: 0, y: 0, z: 0, w: 1}
  m_LocalPosition: {x: 0, y: 0, z: 0}
  m_LocalScale: {x: 1, y: 1, z: 1}
  m_Children: []
  m_Father: {fileID: 833470099}
  m_RootOrder: 3
  m_LocalEulerAnglesHint: {x: 0, y: 0, z: 0}
  m_AnchorMin: {x: 0.5, y: 0.5}
  m_AnchorMax: {x: 0.5, y: 0.5}
  m_AnchoredPosition: {x: -182.65, y: -39.5}
  m_SizeDelta: {x: 41, y: 27}
  m_Pivot: {x: 0.5, y: 0.5}
--- !u!114 &1970852302
MonoBehaviour:
  m_ObjectHideFlags: 0
  m_PrefabParentObject: {fileID: 11445870, guid: d9e4d92b8ac02be4abbd660d49dc97dc,
    type: 2}
  m_PrefabInternal: {fileID: 651843323}
  m_GameObject: {fileID: 1970852300}
  m_Enabled: 1
  m_EditorHideFlags: 0
  m_Script: {fileID: 708705254, guid: f5f67c52d1564df4a8936ccd202a3bd8, type: 3}
  m_Name: 
  m_EditorClassIdentifier: 
  m_Material: {fileID: 0}
  m_Color: {r: 1, g: 1, b: 1, a: 1}
  m_RaycastTarget: 1
  m_OnCullStateChanged:
    m_PersistentCalls:
      m_Calls: []
    m_TypeName: UnityEngine.UI.MaskableGraphic+CullStateChangedEvent, UnityEngine.UI,
      Version=1.0.0.0, Culture=neutral, PublicKeyToken=null
  m_FontData:
    m_Font: {fileID: 12800000, guid: bd1ea67ca2b5742d1a24fcbdc17c55e1, type: 3}
    m_FontSize: 15
    m_FontStyle: 0
    m_BestFit: 0
    m_MinSize: 10
    m_MaxSize: 40
    m_Alignment: 0
    m_AlignByGeometry: 0
    m_RichText: 1
    m_HorizontalOverflow: 0
    m_VerticalOverflow: 0
    m_LineSpacing: 1
  m_Text: 1:23
--- !u!222 &1970852303
CanvasRenderer:
  m_ObjectHideFlags: 0
  m_PrefabParentObject: {fileID: 22245850, guid: d9e4d92b8ac02be4abbd660d49dc97dc,
    type: 2}
  m_PrefabInternal: {fileID: 651843323}
  m_GameObject: {fileID: 1970852300}
--- !u!1 &2059222840
GameObject:
  m_ObjectHideFlags: 0
  m_PrefabParentObject: {fileID: 145846, guid: d9e4d92b8ac02be4abbd660d49dc97dc, type: 2}
  m_PrefabInternal: {fileID: 651843323}
  serializedVersion: 5
  m_Component:
  - component: {fileID: 2059222841}
  - component: {fileID: 2059222843}
  - component: {fileID: 2059222842}
  m_Layer: 5
  m_Name: Handle
  m_TagString: Untagged
  m_Icon: {fileID: 0}
  m_NavMeshLayer: 0
  m_StaticEditorFlags: 0
  m_IsActive: 1
--- !u!224 &2059222841
RectTransform:
  m_ObjectHideFlags: 0
  m_PrefabParentObject: {fileID: 22445846, guid: d9e4d92b8ac02be4abbd660d49dc97dc,
    type: 2}
  m_PrefabInternal: {fileID: 651843323}
  m_GameObject: {fileID: 2059222840}
  m_LocalRotation: {x: 0, y: 0, z: 0, w: 1}
  m_LocalPosition: {x: 0, y: 0, z: 0}
  m_LocalScale: {x: 0.8, y: 1.6, z: 1}
  m_Children: []
  m_Father: {fileID: 485948601}
  m_RootOrder: 0
  m_LocalEulerAnglesHint: {x: 0, y: 0, z: 0}
  m_AnchorMin: {x: 0, y: 0}
  m_AnchorMax: {x: 0, y: 0}
  m_AnchoredPosition: {x: 0, y: 0}
  m_SizeDelta: {x: 8, y: 0}
  m_Pivot: {x: 0.5, y: 0.5}
--- !u!114 &2059222842
MonoBehaviour:
  m_ObjectHideFlags: 0
  m_PrefabParentObject: {fileID: 11445858, guid: d9e4d92b8ac02be4abbd660d49dc97dc,
    type: 2}
  m_PrefabInternal: {fileID: 651843323}
  m_GameObject: {fileID: 2059222840}
  m_Enabled: 1
  m_EditorHideFlags: 0
  m_Script: {fileID: -765806418, guid: f5f67c52d1564df4a8936ccd202a3bd8, type: 3}
  m_Name: 
  m_EditorClassIdentifier: 
  m_Material: {fileID: 0}
  m_Color: {r: 1, g: 1, b: 1, a: 1}
  m_RaycastTarget: 1
  m_OnCullStateChanged:
    m_PersistentCalls:
      m_Calls: []
    m_TypeName: UnityEngine.UI.MaskableGraphic+CullStateChangedEvent, UnityEngine.UI,
      Version=1.0.0.0, Culture=neutral, PublicKeyToken=null
  m_Sprite: {fileID: 21300000, guid: 7ed1238760b863f4aafde32ab3a6f28c, type: 3}
  m_Type: 1
  m_PreserveAspect: 0
  m_FillCenter: 1
  m_FillMethod: 4
  m_FillAmount: 1
  m_FillClockwise: 1
  m_FillOrigin: 0
--- !u!222 &2059222843
CanvasRenderer:
  m_ObjectHideFlags: 0
  m_PrefabParentObject: {fileID: 22245840, guid: d9e4d92b8ac02be4abbd660d49dc97dc,
    type: 2}
  m_PrefabInternal: {fileID: 651843323}
  m_GameObject: {fileID: 2059222840}
